Workbook

Sheet PEG 2023
D1: Allegato 1)
C3: Comune di Porto Mantovano
C7: Piano degli Obiettivi 2023 - 2025
C10: SCHEDE OBIETTIVI

Sheet elenco (2)
B1: Comune di Porto Mantovano
B2: elenco obiettivi 2023 - 2025
A5: NUMERO | B5: DESCRIZIONE | C5: RESPONSABILE
A6: 1 | B6: ='scheda obiettivo 2023 codice'!C5 -> Attività di formazione e di aggiornamento normativo, in materia di appalti pubblici allo scopo di garantire il corretto svolgimento delle procedure in conformità al NUOVO CODICE DEI CONTRATTI | C6: Dott.ssa Bianca Meli
A7: 2 | B7: ='scheda obiettivo 2023 PNRR'!C5 -> coordinamento e presidio attività di reperimento e gestione dei finanziamenti del PNRR/PNC e monitoraggio adempimenti e utilizzo Fondi PNRR-Statali-Regionali | C7: Dott.ssa Bianca Meli
A8: 3 | B8: ='scheda obiettivo (già 2022)'!C5 -> Gestione documentale: cartacea e informatica | C8: Dott.ssa Sara Badari
A9: 4 | B9: ='scheda obiettivo (già 2022) '!C5 -> Syllabus | C9: Dott.ssa Sara Badari
A10: 5 | B10: ='1 scheda obiettivo 2023'!C5 -> EVENTO PER LA CONSEGNA DELLA CITTADINANZA ONORARIA AL PROCURATORE DI CATANZARO NICOLA GRATTERI | C10: Dott.ssa Sara Badari
A11: 6 | B11: ='2 scheda obiettivo 2023'!C5 -> Aggiornamento codice di comportamento dei dipendenti del Comune di Porto Mantovano | C11: Dott.ssa Sara Badari
A12: 7 | B12: ='scheda obiettivo 2022 (5)'!C5 -> Tutela e valorizzazione dei beni e delle attività culturali e promozione degli spazi di comunità del nostro Comune | C12: Dott.ssa Emanuela Dal Bosco
A13: 8 | B13: ='scheda obiettivo 2022 (3)'!C5 -> Tutela e valorizzazione dei beni e delle attività culturali | C13: Dott.ssa Emanuela Dal Bosco
A14: 9 | B14: ='scheda obiettivo 2022 (2)'!C5 -> Miglioramento in termini di efficienza ed efficacia dell'infrastruttura tecnologiche dell'Ente ai fini della connettivià internet e telefonia | C14: Dott.ssa Emanuela Dal Bosco
A15: 10 | B15: ='scheda obiettivo 2022'!C5 -> Implementazione dei servizi previsti dai bandi PNRR digitale | C15: Dott.ssa Emanuela Dal Bosco
A16: 11 | B16: ='1 - del bon regolamenti'!C4 -> NUOVA REGOLAMENTAZIONE DEI TRIBUTI LOCALI: REDAZIONE NUOVI REGOLAMENTI E AGGIORNAMENTO DEI REGOLAMENTI VIGENTI | C16: Dott.ssa Angela Del Bon
A17: 12 | B17: ='2 - del bon pago PA'!C4 -> Estensione del sistema PagoPa ai diversi servizi dell’Ente | C17: Dott.ssa Angela Del Bon
A18: 13 | B18: ='3 -del bon FFF'!C4 -> GESTIONE DEL FONDO FUNZIONI FONDAMENTALI 2020, 2021 e 2022 E CERTIFICAZIONE FINALE 2023 | C18: Dott.ssa Angela Del Bon
A19: 14 | B19: ='4- PNRR e finanziamenti'!C5 -> SUPPORTARE LE ATTIVITA' DEI SETTORI AL FINE DI MIGLIORARE LA PARTECIPAZIONE DELL'ENTE AI FINANZIAMENTI A FONDO PERDUTO E DEL PNRR E ALLA GESTIONE DEI FINANZIAMENTI A FONDO PERDUTO E DEL PNRR IN LNEA CON LE PRIORITA' DELLA UE | C19: Dott.ssa Angela Del Bon
A20: 15 | B20: ='INDAGINE POVERTA'!C5 -> Individuazione delle fasce di fragilità ed attivazione di progetti specifici a sostegno. | C20: Dott.ssa Katia Puttini
A21: 16 | B21: ='PERCORSI INCLUSIONE DISABIL '!C4 -> Attivare percorsi di inclusione dei soggetti con disabilità all’interno del tessuto sociale in collaborazione con le ass. di volontariato ed enti preposti. | C21: Dott.ssa Katia Puttini
A22: 17 | B22: ='GESTIONE CARTA SOLIDALE I'!C4 -> Gestione della Carta solidale per acquisti di beni di prima necessità. | C22: Dott.ssa Katia Puttini
A23: 18 | B23: ='PROGETTO GIOVANI'!C4 -> Progetto "Giovani " | C23: Dott.ssa Katia Puttini
A24: 19 | B24: ='BONIOTTI 1-2023'!C5 -> Ammodernamento e potenziamento della videosorveglianza | C24: Dott.ssa Simonetta Boniotti
A25: 20 | B25: ='BONIOTTI 2-2023'!C5 -> Educare alla legalità e alla sicurezza sulla strada | C25: Dott.ssa Simonetta Boniotti
A26: 21 | B26: ='1 - moffa pgt'!C4 -> FASE SUCCESSIVA ALL'APPROVAZIONE DEL PGT E GESTIONE PIANI ATTUATIVI | C26: Arch. Rosanna Moffa
A27: 22 | B27: ='2 - moffa uso sottosuolo'!C4 -> Adempimenti di cui al capo II della L.R. 7/2012 "Disciplina comunale del sottosuolo": redazione del REGOLAMENTO PER L'USO DEL SOTTOSUOLO e formazione del catasto del sottosuolo | C27: Arch. Rosanna Moffa
A28: 23 | B28: ='3 - moffa opere pubbliche'!C4 -> REALIZZAZIONE OPERE PUBBLICHE STRATEGICHE PER LA SICUREZZA E LO SVILUPPO DEL TERRITORIO | C28: Arch. Rosanna Moffa
A29: 24 | B29: ='4 - moffa OPERE PNRR'!C4 -> REALIZZAZIONE OPERE PUBBLICHE STRATEGICHE PER LA SICUREZZA E LO SVILUPPO DEL TERRITORIO | C29: Arch. Rosanna Moffa
A30: 25 | B30: ='5 - moffa sviluppo sostenibile'!C4 -> PROGETTI PER LO SVILUPPO SOSTENIBILE DEL TERRITORIO COMUNALE: GESTIONE CALORE CON EFFICIENTAMENTO ENERGETICO - STUDIO COMUNALE DI GESTIONE DEL RISCHIO IDRAULICO - BANDO CARIPLO STRATEGIA CLIMA - POTENZIAMENTO E AMPLIAMENTO DEL PATRIMONIO ARBOREO - COMUNITA' ENERGETICHE | C30: Arch. Rosanna Moffa

Sheet MELI
C3: Comune di Porto Mantovano
C7: Piano degli Obiettivi 2023 - 2025
B15: SEGRETARIO GENERALE
C16: DOTT.SSA BIANCA MELI

Sheet scheda obiettivo 2023 codice
A1: Area ___________________________ Settore: SEGRETeRIA GENERALE
A2: RESPONSABILE:
A3: PESO IN %
A5: MISSIONE: PROGRAMMA: | B5: OBIETTIVO N. 1 - 2023 | C5: Attività di formazione e di aggiornamento normativo, in materia di appalti pubblici allo scopo di garantire il corretto svolgimento delle procedure in conformità al NUOVO CODICE DEI CONTRATTI
A6: OBIETTIVO DUP 2019 - 2024 | C6: obeittivi trasversali
A9: A.1 | B9: DESCRIZIONE | C9: L'obiettivo consiste nell'organizzare e svrintendere l'attività di formazione e aggiornamento normativo in materia di appalti pubblici con riferimento al nuovo codice dei contratti approvato con il D. lgs. 36/2023. L'attività di formazione e la collaborazione rivolta a tutti i settori dell’Ente, in particolare attraverso la diffusione di seminari formativi svolti anche in modalità e-learning.
A10: A.2 | B10: FINALITA' | C10: Formazione e collaborazione con tutti i settori nella gestione delle procedure di affidamento di servizi, forniture e lavori.
A12: A.3 | B12: AZIONI E TEMPI - FASI | C12: costante: Attività di formazione e aggiornamento normativo anche in modalità e-learning
C13: costante: collaborazione con tutti i settori nella gestione delle procedure di affidamento di servizi, forniture e lavori
A16: A.4 | B16: DATA PRESUMIBILE REALIZZO | C16: entro 30/06/2024
A18: A.5 | B18: RESPONSABILE DELL'OBIETTIVO | C18: DOTT.SSA BIANCA MELI - SEGRETARIA GENERALE DELL'ENTE
A20: A.6 | B20: PERSONALE DELL'AREA COINVOLTO
A22: A.7 | B22: ALTRI SERVIZI COINVOLTI | C22: TUTTI I RESPONSABILI DI SERVIZIO
A24: A.8 | B24: RISORSE FINANZIARIE
A26: A.9 | B26: INDICATORI DI EFFICIENZA | C26: Incontri formativi: incontri effettuati / incontri programmati - n. 3 incontri programmati
A28: A.9 | B28: INDICATORI DI EFFICACIA | C28: Numero di collaborazioni richieste: 100% delle richieste
A30: A.9 | B30: INDICATORI DI ECONOMICITA'
A33: A,10 | B33: CRITICITA'
A35: A.11 | B35: VERIFICHE | C35: Verifica intermedia:
C36: Verifica finale:
C38: Il Responsabile di Posizione Organizzativa

Sheet scheda obiettivo 2023 PNRR
A1: Area ___________________________ Settore: SEGRETERIA GENERALE
A2: RESPONSABILE:
A3: PESO IN %
A5: MISSIONE: PROGRAMMA: | B5: OBIETTIVO N. 2 - 2023 | C5: coordinamento e presidio attività di reperimento e gestione dei finanziamenti del PNRR/PNC e monitoraggio adempimenti e utilizzo Fondi PNRR-Statali-Regionali
A6: OBIETTIVO DUP 2019 - 2024 | C6: obeittivi trasversali
A9: A.1 | B9: DESCRIZIONE | C9: Per rilanciarne l'economia e permettere lo sviluppo verde e digitale del Paese lo Stato Italiano ha predisposto il Piano Nazionale di Ripresa e Resilienza (PNRR; in inglese Recovery and Resilience Plan, abbreviato in Recovery Plan o RRP). Il PNRR fa parte del programma dell'Unione europea noto come Next Generation EU, un fondo per la ripresa europea (Recovery Fund), cioè Fondo per la ripresa al fine di rilanciarne l'economia attraverso la realizzazione di investimenti e permettere lo sviluppo digitale del Paese. Nel DUP 2023 - 2025 sono state definite a livello di organizzazione interna le modalità di gestione del PNRR coinvolgendo i diversi settori dell'Ente interesati alla realizzazione e alla gestione amministrativa e contabile degli interventi del PNRR.
A10: A.2 | B10: FINALITA' | C10: Lo scopo di questo obiettivo è quallo conseguire gli obiettivi strategici fissati nel DUP 2023 - 2025 intercettando i finanziamenti necessari per la realizzazione degli interventi strategici, gestire in modo coordianto i progetti finanziati e rispettare i relativi cronoprogrammi definiti con la UE.
A12: A.3 | B12: AZIONI E TEMPI - FASI | C12: csotante: Presidio costante delle attività riferite al PNRR
C13: costante: riunioni con il gruppo di lavoro del PNRR
C14: costante: verifica adempimenti PNRR
A16: A.4 | B16: DATA PRESUMIBILE REALIZZO | C16: entro 30/06/2026
A18: A.5 | B18: RESPONSABILE DELL'OBIETTIVO | C18: DOTT.SSA BIANCA MELI - SEGRETARIA GENERALE DELL'ENTE
A20: A.6 | B20: PERSONALE DELL'AREA COINVOLTO
A22: A.7 | B22: ALTRI SERVIZI COINVOLTI | C22: RESPONSABILE DEL SETTORE TECNICO, RESPONSABILE DEL SETTORE INFORMATICO, RESPONSABILE SETTORE AMMNISTRATIVO, RESPONSABILE RAGIONERIA (vedasi gruppo lavoro definito con il PEG)
A24: A.8 | B24: RISORSE FINANZIARIE | C24: nessuna
A26: A.9 | B26: INDICATORI DI EFFICIENZA | C26: numero riunioni/numero riunioni effettive - almeno 2
A28: A.9 | B28: INDICATORI DI EFFICACIA
A30: A.9 | B30: INDICATORI DI ECONOMICITA'
A33: A,10 | B33: CRITICITA'
A35: A.11 | B35: VERIFICHE | C35: Verifica intermedia:
C36: Verifica finale:
C38: Il Responsabile di Posizione Organizzativa

Sheet badari
C3: Comune di Porto Mantovano
C7: Piano degli Obiettivi 2023 - 2025
B15: SETTORE AMMINISTRATIVO
C16: DOTT.SSA SARA BADARI

Sheet scheda obiettivo (già 2022)
A1: Settore Amministrativo
A2: RESPONSABILE: | B2: SARA BADARI
A3: PESO IN %
A5: MISSIONE: 1 PROGRAMMA: 1 | B5: OBIETTIVO N. 3 - 2023 | C5: Gestione documentale: cartacea e informatica
A6: OBIETTIVO DUP 2019 - 2024 | C6: Potenziare ulteriormente gli strumenti informatici in termini di fruibilità dei servizi, facilità di accesso agli stessi e trasparenza dell'azione amministrativa
A8: A.1 | C8: L'agenda digitale italiana per l'Europa 2020 si pone come obiettivo di sfruttare al meglio il potenziale delle tecnologie dell'informazione e della comunicazione per favorire l'innovazione, la crescita economica e la competitività. In quest'ottica anche i Comuni sono chiamati a innovarsi digitalizzandosi e dematerializzando.
A9: A.2 | B9: FINALITA' | C9: Digitalizzare e dematerializzare con adozione manuale di Gestione Documentale, miglioramento Protocollo Informatico. Rafforzare le conoscenze di base sul tema dei documenti informatici, sulla loro formazione e su come possano essere gestiti e conservati attraverso i sistemi di gestione documentale e di conservazione anche ai fini del PNRR
A11: A.3 | B11: AZIONI E TEMPI - FASI | C11: 31/12/2023: formazione del personale su gestione documentale 31/12/2023: approvazione manuale di gestione documentale 30/06/2024: fascicolazione documentale a cura di ciascun ufficio del Comune 31/12/2024: riordino documentazione presso i settori comunali da trasferire ad archivio di deposito cartaceo.
A13: A.4 | B13: DATA PRESUMIBILE REALIZZO | C13: 45657
A15: A.5 | B15: RESPONSABILE DELL'OBIETTIVO | C15: Badari Sara in collaborazione con servizi infomatici e di transizione al digitale
A17: A.6 | B17: PERSONALE DELL'AREA COINVOLTO | C17: tutti i dipendenti del settore amministrativo
A19: A.7 | B19: ALTRI SERVIZI COINVOLTI | C19: servizi informatici
A21: A.8 | B21: RISORSE FINANZIARIE
A23: A.9 | B23: INDICATORI DI EFFICIENZA
A25: A.9 | B25: INDICATORI DI EFFICACIA
A27: A.9 | B27: INDICATORI DI ECONOMICITA'
A29: A,10 | B29: CRITICITA' | C29: Obiettivo strettamente legato al PNRR, al piano della digitalizzazione e della conservazione digitale da esaminare con il Responsabile della Transizione al Digitale e realizzare con il contributo di tutti i Responsabili di settore e di tutti i dipendenti
A31: A.11 | B31: VERIFICHE | C31: Verifica intermedia:
C32: Verifica finale:
C34: Il Responsabile di Posizione Organizzativa
C35: dott.ssa Sara Badari

Sheet scheda obiettivo (già 2022) 
A1: Settore Amministrativo
A2: RESPONSABILE: | B2: SARA BADARI
A3: PESO IN %
A5: MISSIONE: 1 PROGRAMMA: 1 | B5: OBIETTIVO N.4 - 2023 | C5: Syllabus
A6: OBIETTIVO DUP 2019 - 2024 | C6: Potenziare ulteriormente gli strumenti informatici in termini di fruibilità dei servizi, facilità di accesso agli stessi e trasparenza dell'azione amministrativa
A8: A.1 | B8: DESCRIZIONE | C8: Fornire ai dipendenti pubblici formazione sulle competenze digitali di base, in modalità elearning e personalizzata a partire da una rilevazione strutturata e omogenea dei fabbisogni
A9: A.2 | B9: FINALITA' | C9: migliorare le competenze digitali dei dipendenti del Comune di Porto Mantovano a supporto dei processi di innovazione della pubblica amministrazione e, più in generale, del miglioramento della qualità dei servizi erogati a cittadini e imprese, in armonia con la Direttiva del Ministro per la pubblica amministrazione del 24 marzo 2023, documento centrale per il rinnovamento della Pubblica Amministrazione, in linea con gli obiettivi del PNRR.
A11: A.3 | B11: AZIONI E TEMPI - FASI | C11: 31/03/2022: adesione al progetto del Dipartimento FFPP 31/07/2022: accreditamento dei dipendenti in piattaforma 31/12/2022: assessment delle competenze dei singoli (test di verifica iniziale) 30/06/2023: Verifica dei progressi 31/12/2023: miglioramento delle competenze digitali 31/12/2024: attività di formazione digitale, transizione ecologica e amministrativa
A13: A.4 | B13: DATA PRESUMIBILE REALIZZO | C13: 45657
A15: A.5 | B15: RESPONSABILE DELL'OBIETTIVO | C15: Badari Sara
A17: A.6 | B17: PERSONALE DELL'AREA COINVOLTO | C17: tutti i dipendenti del Comune
A19: A.7 | B19: ALTRI SERVIZI COINVOLTI | C19: Responsabili di settore del Comune di Porto Mantovano
A21: A.8 | B21: RISORSE FINANZIARIE
A23: A.9 | B23: INDICATORI DI EFFICIENZA
A25: A.9 | B25: INDICATORI DI EFFICACIA | C25: numero dipendenti che hanno seguito corsi di formazione sul totale dei dipendenti: minimo 10% nel 2023
A27: A.9 | B27: INDICATORI DI ECONOMICITA'
A29: A,10 | B29: CRITICITA' | C29: Obiettivo utile per la realizzazione del piano della digitalizzazione e del PNRR
A31: A.11 | B31: VERIFICHE | C31: Verifica intermedia:
C32: Verifica finale:
C34: Il Responsabile di Posizione Organizzativa
C35: dott.ssa Sara Badari

Sheet 1 scheda obiettivo 2023
A1: Settore Amministrativo
A2: RESPONSABILE: | B2: SARA BADARI
A3: PESO IN %
A5: MISSIONE: 1 PROGRAMMA: 1 | B5: OBIETTIVO N. 5 - 2023 | C5: EVENTO PER LA CONSEGNA DELLA CITTADINANZA ONORARIA AL PROCURATORE DI CATANZARO NICOLA GRATTERI
A6: OBIETTIVO DUP 2019 - 2024 | C6: Missione 3 Contrastare le infiltrazioni mafiose, supportare le vittime di usura ed estorsione, sostenere le associazioni che si battono per la legalità
A8: A.1 | B8: DESCRIZIONE | C8: L'Amministrazione Comunale ha conferito la cittadinanza onoraria al Procuratore della Repubblica Nicola Gratteri con delibera di C.C. 79/2020. L'Amministrazione desidera invitare il Procuratore per valorizzare l'educazione alla legalità e sottolineare l'importanza dei valori di giustizia e legalità
A9: A.2 | B9: FINALITA' | C9: Perseguire i valori di legalità e giustizia
A11: A.3 | B11: AZIONI E TEMPI - FASI | C11: 31/03/2023: invito al Procuratore 10/05/2023: programmazione evento, misure di sicurezza, pubblicizzazione, gestione prenotazioni (con A.se.p.) 31/05/2023: evento in Auditorium aperto al pubblico
A13: A.4 | B13: DATA PRESUMIBILE REALIZZO | C13: 45077
A15: A.5 | B15: RESPONSABILE DELL'OBIETTIVO | C15: Badari Sara in collaborazione con Responsabile servizi culturali
A17: A.6 | B17: PERSONALE DELL'AREA COINVOLTO | C17: tutti i dipendenti dell'ufficio segreteria
A19: A.7 | B19: ALTRI SERVIZI COINVOLTI | C19: servizio cultura
A21: A.8 | B21: RISORSE FINANZIARIE | C21: convenzione Cultura
A23: A.9 | B23: INDICATORI DI EFFICIENZA | C23: contenimento costi con convenzione Cultura con A.se.p. s.r.l.
A25: A.9 | B25: INDICATORI DI EFFICACIA | C25: partecipazione di pubblico e autorità in Auditorium: almeno un centinaio di persone
A27: A.9 | B27: INDICATORI DI ECONOMICITA'
A29: A,10 | B29: CRITICITA'
A31: A.11 | B31: VERIFICHE | C31: Verifica intermedia:
C32: Verifica finale:
C34: Il Responsabile di Posizione Organizzativa
C35: dott.ssa Sara Badari

Sheet 2 scheda obiettivo 2023
A1: Settore Servizi Informatici e Settore Amministrativo
A2: RESPONSABILE: | B2: Badari
A3: PESO IN %
A5: MISSIONE: 1 PROGRAMMA: 1 | B5: OBIETTIVO N. 6- 2023 | C5: Aggiornamento codice di comportamento dei dipendenti del Comune di Porto Mantovano
A6: OBIETTIVO DUP | C6: Attuazione del P.T.P.C. e del REGOLAMENTO (UE) 2016/679
A8: A.1 | B8: DESCRIZIONE | C8: Il codice di comportamento dei dipendenti del Comune di Porto Mantovano è stato approvato con DGC. 7 del 31/01/2014. Va adeguato a quanto previsto da Anac con delibera 177/2020 con riferimento alla prevenzione dei conflitti di interesse reali e potenziali, al comportamento nei rapporti col pubblico e nei rapporti privati. Inoltre va adeguato ai fini: - della tutela del whistleblower; - del rispetto della persona, dell'ambiente; - del divieto di discriminazioni; nonchè a quanto previsto dall'art. 4 del d.l. 36/2022 convertito in L. 79/2022 e agli aggiornamenti che saranno introdotti dal Legislatore al codice DPR 62/2013.
A9: A.2 | B9: FINALITA' | C9: Adeguare il codice di comportamento ad un contesto lavorativo oggetto di numerosi cambiamenti sociali, tecnologici, economici.
A11: A.3 | B11: AZIONI E TEMPI - FASI | C11: 31/07/2023 approvazione in Giunta dello schema di aggiornamento del Codice di Comportamento
C12: 31/09/2023 acquisizione proposte da stakeholders
C13: 31/12/2023 approvazione nuovo codice
A16: A.4 | B16: DATA PRESUMIBILE REALIZZO | C16: 45291
A18: A.5 | B18: RESPONSABILE DELL'OBIETTIVO | C18: Responsabile del Personale
A20: A.6 | B20: PERSONALE DELL'AREA COINVOLTO | C20: ufficio personale
A22: A.7 | B22: ALTRI SERVIZI COINVOLTI
A24: A.8 | B24: RISORSE FINANZIARIE
A26: A.9 | B26: INDICATORI DI EFFICIENZA
A28: A.9 | B28: INDICATORI DI EFFICACIA
A30: A.9 | B30: INDICATORI DI ECONOMICITA'
A33: A,10 | B33: CRITICITA'
A35: A.11 | B35: VERIFICHE | C35: Verifica intermedia:
C36: Verifica finale:
C38: I Responsabili di Posizione Organizzativa
C39: dott.ssa Badari Sara

Sheet dal bosco 
C3: Comune di Porto Mantovano
C7: Piano degli Obiettivi 2023 - 2025
B15: SETTORE ATTIVITA' PRODUTTIVE - ATTIVITA' CULTURALI - SERVIZI INFORMATICI
C16: DOTT.SSA EMANUELA DAL BOSCO

Sheet scheda obiettivo 2022 (5)
A1: Area Servizi Finanziari e Amministrativa: Attività Produttive - Attività Culturali - Economato e informatica
A2: RESPONSABILE: | B2: DAL BOSCO EMANUELA
A3: PESO IN %
A5: MISSIONE: 5 PROGRAMMA: | B5: OBIETTIVO N. 7 - 2022 | C5: Tutela e valorizzazione dei beni e delle attività culturali e promozione degli spazi di comunità del nostro Comune
A6: OBIETTIVO DUP 2019 - 2024 | C6: "Casette del libro" - installare le casette del libro lungo le ciclabili
A9: A.1 | B9: DESCRIZIONE | C9: Progetto "Prendi un libro, porta un libro", libri accessibili a tutti, gratuitamente.
A10: A.2 | B10: FINALITA' | C10: Accrescere il senso di comunità e la creatività attraverso lo scambio gratuito di libri ispirato dall’amore per la lettura e la conoscenza, installando le "Casette del Libro" lungo le ciclabili e nei parchi pubblici in cui i cittadini potranno prendere e lasciare libri.
A12: A.3 | B12: AZIONI E TEMPI - FASI | C12: Fase 1: Definizione luoghi installazione Casette del Libro entro il 30/06/2022 - ATTUATA
C13: Fase 2: Realizzazione delle Casette del Libro entro 31/07/2022; INSTALLAZIONE DEL PRIMO LOTTO DI CASETTE ENTRO IL 31/12/2022 definizione accordi di collaborazione con associazione di volontariato per la realizzazione del progetto entro il 30/06/2023
C14: Fase 3: Realizzazione delle Casette del Libro entro 31/07/2022; 30/06/2023; 31/08/2023
C15: Fase 4: Installazione Casette del Libro entro il 31/08/2022; 30/09/2023; 30/09/2023
C16: Fase 5: Attivazione del servizio Casette del Libro entro 04/09/2022; 31/10/2023;
A18: A.4 | B18: DATA PRESUMIBILE REALIZZO | C18: 45230
A20: A.5 | B20: RESPONSABILE DELL'OBIETTIVO | C20: Responsabile SUAP -Cultura
A22: A.6 | B22: PERSONALE DELL'AREA COINVOLTO | C22: Personale SUAP - Cultura
A24: A.7 | B24: ALTRI SERVIZI COINVOLTI | C24: Società partecipata ASEP srl
A26: A.8 | B26: RISORSE FINANZIARIE
A28: A.9 | B28: INDICATORI DI EFFICIENZA
A30: A.9 | B30: INDICATORI DI EFFICACIA
A32: A.9 | B32: INDICATORI DI ECONOMICITA'
A35: A,10 | B35: CRITICITA'
A37: A.11 | B37: VERIFICHE | C37: Verifica intermedia: REALIZZATA FASE 1: 25%
C38: Verifica finale:
C39: Il Responsabile di Posizione Organizzativa
C40: dott.ssa Emanuela Dal Bosco

Sheet scheda obiettivo 2022 (3)
A1: Area Servizi Finanziari e Amministrativa: Attività Produttive - Attività Culturali - Economato e informatica
A2: RESPONSABILE: | B2: DAL BOSCO EMANUELA
A3: PESO IN %
A5: MISSIONE: PROGRAMMA: | B5: OBIETTIVO N. 8 - 2022 | C5: Tutela e valorizzazione dei beni e delle attività culturali
A6: OBIETTIVO DUP 2019 - 2024 | C6: Ampliare la biblioteca e i servizi collegati
A9: A.1 | B9: DESCRIZIONE | C9: Regolamento servizio pubblico erogato dalle Biblioteche Comunali
A10: A.2 | B10: FINALITA' | C10: Garantire sempre più a tutte le persone, il libero accesso all’informazione e alla conoscenza.
A12: A.3 | B12: AZIONI E TEMPI - FASI | C12: Fase 1: Stesura prima bozza Regolamento Biblioteche Comunali entro il 31/08/2022; 31/10/2023
C13: Fase 2: Approvazione Regolamento Biblioteche Comunali entro 31/10/2022; 30/11/2023
C14: Fase 3: Attuazione contenuti Regolamento Biblioteche Comunali 31/12/2022; 31/12/2023
A17: A.4 | B17: DATA PRESUMIBILE REALIZZO | C17: 45291
A19: A.5 | B19: RESPONSABILE DELL'OBIETTIVO | C19: Responsabile SUAP -Cultura
A21: A.6 | B21: PERSONALE DELL'AREA COINVOLTO | C21: Personale SUAP - Cultura
A23: A.7 | B23: ALTRI SERVIZI COINVOLTI | C23: Società partecipata ASEPsrl
A25: A.8 | B25: RISORSE FINANZIARIE
A27: A.9 | B27: INDICATORI DI EFFICIENZA
A29: A.9 | B29: INDICATORI DI EFFICACIA
A31: A.9 | B31: INDICATORI DI ECONOMICITA'
A34: A,10 | B34: CRITICITA'
A36: A.11 | B36: VERIFICHE | C36: Verifica intermedia: riprogrammato al 2023
C37: Verifica finale:
C39: Il Responsabile di Posizione Organizzativa
C40: dott.ssa Emanuela Dal Bosco

Sheet scheda obiettivo 2022 (2)
A1: Area Servizi Finanziari e Amministrativa: Attività Produttive - Attività Culturali - Economato e informatica
A2: RESPONSABILE: | B2: DAL BOSCO EMANUELA
A3: PESO IN %
A5: MISSIONE: PROGRAMMA: | B5: OBIETTIVO N. 9 - 2023 | C5: Miglioramento in termini di efficienza ed efficacia dell'infrastruttura tecnologiche dell'Ente ai fini della connettivià internet e telefonia
A6: OBIETTIVO DUP 2019 - 2024 | C6: Potenziare ulteriormente gli strumenti informatici
A9: A.1 | B9: DESCRIZIONE | C9: Portare a termine le procedure necessarie affinchè l'infrastruttura tecnologica dell'Ente e la conseguente capacità di connessione internet e telefonica possa accrescere in termini di efficienza ed efficacia, secondo quanto indicato dalla delibra di Giunta Comunale n. 172 del 23/12/2022
A10: A.2 | B10: FINALITA' | C10: Favorire l'insediamento della fibra ottica sul territorio comunale per migliorare la qualità dei servizi digitali ai cittadini, garantire la competitività delle imprese sul territorio e migliorare il servizio di fonia e dati presso gli immobili di proprietà dell'Ente transitando ad una tecnologia più evoluta rispetto a quella attuale
A12: A.3 | B12: AZIONI E TEMPI - FASI | C12: entro le scadenze definite dal cronoprogramma degli interventi definiti con DGC - entro 2023
A16: A.4 | B16: DATA PRESUMIBILE REALIZZO | C16: 45291
A18: A.5 | B18: RESPONSABILE DELL'OBIETTIVO | C18: Responsabile Servizi Informatici
A20: A.6 | B20: PERSONALE DELL'AREA COINVOLTO | C20: Personale Servizi Informatici ed Economato
A22: A.7 | B22: ALTRI SERVIZI COINVOLTI
A24: A.8 | B24: RISORSE FINANZIARIE | C24: Assegnate ai Servizi Informatici
A26: A.9 | B26: INDICATORI DI EFFICIENZA
A28: A.9 | B28: INDICATORI DI EFFICACIA
A30: A.9 | B30: INDICATORI DI ECONOMICITA'
A33: A,10 | B33: CRITICITA'
A35: A.11 | B35: VERIFICHE | C35: Verifica intermedia:
C36: Verifica finale:
C38: Il Responsabile di Posizione Organizzativa

Sheet scheda obiettivo 2022
A1: Area Servizi Finanziari e Amministrativa: Attività Produttive - Attività Culturali - Economato e informatica
A2: RESPONSABILE: | B2: DAL BOSCO EMANUELA
A3: PESO IN %
A5: MISSIONE: PROGRAMMA: | B5: OBIETTIVO N. 10 - 2023 | C5: Implementazione dei servizi previsti dai bandi PNRR digitale
A6: OBIETTIVO DUP 2019 - 2024 | C6: Potenziare ulteriormente gli strumenti informatici
A9: A.1 | B9: DESCRIZIONE | C9: Dare seguito all’aggiudicazione delle risorse relative ai bandi PNRR digitale tramite l’implementazione dei servizi previsti dagli stessi secondo le modalità e tempi stabiliti.
A10: A.2 | B10: FINALITA' | C10: Semplificare al massimo la burocrazia e i tempi di attesa, migliorando l’accesso ai servizi e rendendo l’attività amministrativa più trasparente
A12: A.3 | B12: AZIONI E TEMPI - FASI | C12: Fase 1: partecipazione nuovi bandi PNRR anno 31/01/2023.
C13: Fase 2: individuazione fornitori e affidamento servizi entro il 30/09/2023.
C14: Fase 2: individuazione fornitori e affidamento servizi entro settembre 2024.
A16: A.4 | B16: DATA PRESUMIBILE REALIZZO
A18: A.5 | B18: RESPONSABILE DELL'OBIETTIVO | C18: Responsabile Servizi Informatici
A20: A.6 | B20: PERSONALE DELL'AREA COINVOLTO
A22: A.7 | B22: ALTRI SERVIZI COINVOLTI
A24: A.8 | B24: RISORSE FINANZIARIE | C24: risorse derivanti dai bandi PNRR
A26: A.9 | B26: INDICATORI DI EFFICIENZA
A28: A.9 | B28: INDICATORI DI EFFICACIA
A30: A.9 | B30: INDICATORI DI ECONOMICITA'
A33: A,10 | B33: CRITICITA'
A35: A.11 | B35: VERIFICHE | C35: Verifica intermedia: Fase 1 attuata
C36: Verifica finale:
C38: Il Responsabile di Posizione Organizzativa

Sheet del bon 
C3: Comune di Porto Mantovano
C7: PEG / PDO 2023 - 2025
B15: SETTORE RAGIONERIA - TRIBUTI - CONTROLLO DI GESTIONE
C16: DOTT.SSA ANGELA DEL BON

Sheet 1 - del bon regolamenti
A1: SETTORE RAGIONERIA - TRIBUTI - CONTROLLO DI GESTIONE - PARTECIPATE
A2: RESPONSABILE: | B2: ANGELA DEL BON
A4: MISSIONE: 1 PROGRAMMA: 4 | B4: OBIETTIVO N. 11 - 2022 | C4: NUOVA REGOLAMENTAZIONE DEI TRIBUTI LOCALI: REDAZIONE NUOVI REGOLAMENTI E AGGIORNAMENTO DEI REGOLAMENTI VIGENTI
B5: (Ob. 10-2020 e 9-2021)
A6: OBIETTIVO DUP 2019 - 2024 | C6: Semplificazione della procedura di versamento dei tributi e potenziamento dell'attività di accertamento
A8: A.1 | B8: DESCRIZIONE | C8: La recenti modifiche normative e in particolare la Legge di Bilancio 2020 che ha istituito la nuova Imu e che ha innovato la disciplina dell’accertamento, del ravvvedimento operoso, della rateizzazione e della riscossione coattiva delle entrate, richiedono la modifica del Regolmento Generale delle entrate e la redazione di un nuvo regolmento IMU, al fine di avere una disciplina organica e trasparente per il contributi della gestione delle entrate e della nuova IMU. L'Ente dovrà altresì valutare la necessità se redigere un nuvo regolamento sull'applicazione del corrispettivo rifiuti valutando gli effetti sulla vigente ragolamentazione comunale delle direttive di ARERA. La Legge di bilancio ha inoltre istituito il nuovo canone unico, sostitutivo dell'imposta di pubblicità e della tassa di occupazione di suolo pubblico a partire dal 2021: sarà quindi necessario regolamentare il nuvo canone. AGGIORNAMENTO 2021: strategico per incermentare le entrate dell'Ente è la redazione del nuovo Piano Generale degli impianti pubblicitari che individuerà nuovi impianti da installare. Tale attività coivolgerà diversi servizi dell'Ente (vigilanza e uttifico tecnico). Per quanto riguarda il corrispettivo sui rifiuti, le novità introdotte dal legislatore e da ARERA richiedono l'aggiornamento del regolamento vigente. AGGIORNAMENTO 2022: l'esercizio 2022 per effetto della pandemia, di fatto è il primo anno di applicazione del Canone Unico mercatale, sarà necessario valutare l'impatto del nuovo regolamento al fine di valutare interventi correttivi. Entro il 31.12.2022 sarà necessasio analizzare la scelta gestionale fatta nel 2021 (gestione in concessione) al fine di determinare la selta gestionale dal 2023.
A9: A.2 | B9: FINALITA' | C9: Aggiornamento dei regolamenti e redazione di nuovi regolamenti coerenti con la vigente normativa. Aggiornamento e redazione del nuovo canone impianti pubblicitari
A11: A.3 | B11: AZIONI E TEMPI | C11: Studio della normativa IMU e entrate tributarie e patrimoniali: entro il 31/03/2020
C12: Studio normativa in materia di tariffa rifiuti e valutazione effetti sulla regolamentazione della tariffa delle direttiva di ARERA - verifica della necessità di modifica del vigente regolamento: entro il 31/08/2020
C13: redazione nuovo regolamento IMU e adeguamento regolamento generale entrate: entro il mese di aprile 2020
C14: approvazione in consiglio comunale regolamenti IMU e Entrate (acquisizione parere del Collegio dei revisori, analisi in commissione regolamenti e approvazione in consiglio): entro la data fissata per l'approvazione del bilancio enti locali (entro il 30/9/2020 salvo uleriori rinvii)
C15: regolamento corrispettivo rifiuti: eventuale approvazione in consiglio comunale entro la data di approvazione del bilancio enti locali (30/9/2020 salvo ulteriori rinvii).
C16: Analisi della normativa sul nuovo canone unico e prima bozza regolamento: entro il 31.12.2019
C17: Approvazione in consiglio comunale del regolamento del canone unico (acquisizione parere del Collegio dei revisori, analisi in commissione regolamenti e approvazione in consiglio): entro la data fissata per l'approvazione del bilancio 2021 degli enti locali (entro il 31/01/2021 salvo uleriori rinvii)
C18: AGGIORNAMENTO 2021
C19: Entro il 31/3/2021 e comunque entro la data di approvazione del bilancio 2021/2023: redazione del nuovo regolamento sul Canone Unico e deliberazione delle tariffe e scelta della forma di gestione del nuovo canone: SI
C20: Entro il 31/3/2021: affidamento della concessione del nuovo canone e redazione del disciplinare. Passaggio documentazione: SI
C21: Aggiornamento del Piano degli impianti pubblicitari entro il 31/12/2021: verifica delle necessità di ammoderanmento e di installazione di nuovi impianti; reperimento delle risorse finanziarie; aggiornamento in C.C. del piano impianti vigente, affidamento lavori: ATTIVITA' RINVIATA AL 2022 CAUSA COVID-19 - NUOVO TERMINE 31.12.2022
C22: entro il 30/06/2021: redazione ed approvazione del nuovo regolamento del corrispettivo TARI e approvazione delle nuove Tariffe sulla base del PEF redatto secondo le presscirzioni ARERA.: SI
C23: AGGIORNAMENTO 2022
... C27: Aggiornamento del Piano degli impianti pubblicitari entro il 31/12/2021: proposta di aggiornamento in C.C. del piano impianti vigente - NUOVO TERMINE 31.12.2023
A29: A.4 | B29: DATA PRESUMIBILE REALIZZO | C29: termine prolungato: ENTRO IL 31/12/2023
A31: A.5 | B31: RESPONSABILE DELL'OBIETTIVO | C31: Responsabile settore tributi
A33: A.6 | B33: PERSONALE DELL'AREA COINVOLTO | C33: servizio contabilità e tributi
A35: A.7 | B35: ALTRI SERVIZI COINVOLTI | C35: settore vigilanza e ufficio tecnico
A37: A.8 | B37: RISORSE FINANZIARIE | C37: da reperire con riferimento all'installazione dei nuovi impianti
A39: A.9 | B39: INDICATORI DI EFFICIENZA | C39: redazione dei regolamenti tributari entro la data fissata per legge: SI/NO
C40: redazione del piano generale impianti: SI/NO
A41: A.9 | B41: INDICATORI DI EFFICACIA
A43: A.9 | B43: INDICATORI DI ECONOMICITA' | C43: dal 2022: maggiori entrate per canone unico (CAP. 3255): SI/NO
A46: A,10 | B46: CRITICITA' | C46: Nel corso del 2022 gli uffici ragioneria e tecnico sono stati impegnati nella gestione del PNRR,
A48: A.11 | B48: VERIFICHE | C48: Verifica intermedia: REALIZZATO AL 70%
C49: Verifica finale:
C51: Il Responsabile di Posizione Organizzativa
C52: Dott.ssa Angela Del Bon

Sheet 2 - del bon pago PA
A1: SETTORE RAGIONERIA - TRIBUTI - CONTROLLO DI GESTIONE - PARTECIPATE
A2: RESPONSABILE: | B2: ANGELA DEL BON
A4: MISSIONE: 1 PROGRAMMA: 3 | B4: OBIETTIVO N. 12 - 2020 | C4: Estensione del sistema PagoPa ai diversi servizi dell’Ente
B5: (OBIETTIVO N. 11 - 2020)
A6: OBIETTIVO DUP 2019 - 2024 | B6: 2021 - 2022 - 2023 | C6: Potenziare ulteriormente gli strumenti informatici
A8: A.1 | B8: DESCRIZIONE | C8: Ad oggi funzionano con il sistema del PAGOPA solo i servizi scolastici. L’estensione del sistema PagoPa ai diversi servizi dell’Ente previsto dalla vigente normativa si pone come obiettivo il miglioramento del servizio all’utenza attraverso un incremento dell’offerta di strumenti di pagamento e una gestione più efficiente della regolarizzazione dei sospesi di entrata. Inoltre con l’adesione si avrà la certezza e l’automazione nella riscossione degli incassi, la riduzione dei costi e standardizzazione dei processi interni e la semplificazione e digitalizzazione dei servizi. Al fine di massimizzare le opportunità offerte dall'adempimento normativo sarà necessario rivedere l'organizzazione della fase di gestione delle riscossioni e delle copertura dei sospesi. AGGIORNAMENTO 2021: nel corso del 2021 sarà necessario provvedere all'adeguamento informatico per giungere all'emissione degli I.U.V. e verificare il corretto funzionamento con il collegamento con la contabilità dell'Ente. Si dovrà inoltre pervedere l'attivazione dell'App IO. AGGIORNAMENTO 2022: la fase di canalizzazione degli avvisi alla APPIo a causa della pandemia e della complessità del collegamento con il sistema di contabilità per la registrazione delle entrate, viene rinviato al 2023.
A9: A.2 | B9: FINALITA' | C9: Implementazione del sistema PAGOPA per i servizi dell'Ente e efficiente regolarizzazione dei sospesi in entrata e della fase di riscossione delle entrate.
A11: A.3 | B11: AZIONI E TEMPI | C11: Analisi del funzionamento della piattaforma: entro il 31/07/2020
C12: Individuazione degli altri Servizi dell’Ente a cui estendere questa procedura in relazione alle tipologie di entrata di loro competenza: entro il 31/07/2020
C13: Implementazione del software che consente di attuare l’integrazione tra l'applicativo di contabilità e semplificare le attività di riconciliazione degli incassi dell'Ente con i sospesi di entrata : entro ottobre 2020
C14: Installazione POS a regime con la tecnologia adeguata al PAGOPA: entro il mese di ottobre 2020
C15: Nuova organizzazione dell'attività di gestione delle riscossioni: entro il mese di ottobre 2020
C16: Avvio in via speimentale della nuova procedura per i servizi dell'Ente e comunicazione agli utenti: entro ottobre 2020
C17: Sperimentazione nuove procedure: dal mese di novembre 2020 sino al 31/01/2021
C18: Avvio della nuova procedura per i servizi dell'Ente: entro il 28/02/2019
C19: AGGIORNAMENTO 2021
C20: Entro il 30/4/2021: evoluzione gestione incassi Pago PA con generazione per ciascun servizio dello IUV (identificativo unico versamento): SI
C21: Entro il 30/4/2021: installazione POS per PagoPa e formazione personale URP e sportello: SI
C22: Entro il 30/4/2021: apertura conti correnti per la gestione delle entrate: SI
C23: Entro il 30/6/2021: gestione e collegamento con intermediario per versamenti per violazione asl CDS tramite PagoPA e rendicontazione entrate con collegamento al sistema contabilità: SI
... C30: entro il 31/12/2023: test e verifiche del sistema pagamenti e del collegamento con il programma di contabilità - colegamento con AppIo
A32: A.4 | B32: DATA PRESUMIBILE REALIZZO | C32: entro il 31.12.2021 - PROROGATO AL 2023 A SEGUITO DELLA PREVISIONE DI NUOVE ATTIVITA' termine: 31/12/2023
A34: A.5 | B34: RESPONSABILE DELL'OBIETTIVO | C34: Responsabile settore Finanziario
A36: A.6 | B36: PERSONALE DELL'AREA COINVOLTO | C36: servizio contabilità
A38: A.7 | B38: ALTRI SERVIZI COINVOLTI | C38: Serivzi informatici
A40: A.8 | B40: RISORSE FINANZIARIE | C40: da definre oneri per acquisto software e canoni assistenza
A42: A.9 | B42: INDICATORI DI EFFICIENZA | C42: attivazione in via sperimentale del sistema pagoPa per i servizi entro il 30/10/2020: SI/NO
C43: Collgamento di tutti i servizi con il sistema PAgoPA: SI/NO
A44: A.9 | B44: INDICATORI DI EFFICACIA | C44: riduzione dei tempi di copertura dei sospesi in entrata: in via sperimentale almeno del 10%
A46: A.9 | B46: INDICATORI DI ECONOMICITA' | C46: riduzione del tempo dedicato dai dipendenti del servizi contabilità per la gestione della riscossione: in via sperimentale almeno il 10%
A49: A.10 | B49: CRITICITA' | C49: l'attivazione del collagamento onn la AppIo verrà rinviata al 2023 richiede la collaborazione con i sistemi infromatici, che stanno lavorando ai bandi PNRR. Inoltre con riferimento all'introduzione del PagoPA per il pagamento del CDS è necessario l'adeguamento del sistema informatico e del nuovo software.
A51: A.11 | B51: VERIFICHE | C51: Verifica intermedia:
C52: Verifica finale:
C54: Il Responsabile di Posizione Organizzativa
C55: Dott.ssa Angela Del Bon

Sheet 3 -del bon FFF
A1: SETTORE RAGIONERIA - TRIBUTI - CONTROLLO DI GESTIONE - PARTECIPATE
A3: RESPONSABILE: | B3: ANGELA DEL BON
A4: MISSIONE. 1 PROGRAMMA 3 | B4: OBIETTIVO N. 13 - 2021 | C4: GESTIONE DEL FONDO FUNZIONI FONDAMENTALI 2020, 2021 e 2022 E CERTIFICAZIONE FINALE 2023
A5: OBIETTIVO DUP 2019 - 2024 | B5: 2022 - 2023 | C5: GESTIONE EMERGENZA COVID
A7: A.1 | B7: DESCRIZIONE | C7: A seguito delle conseguenze finanziarie determinate dall'emergenza COVID-19, l D.L. n. 34 del 2020 (c.d. rilancio) ha istituito un Fondo destinato assicurare agi enti locali le risorse necessarie per l'espletamento delle funzioni fondamentali anche in relazione alla possibile perdita di entrate connesse all'emergenza, con una dotazione di 3,5 miliardi di euro per l'anno 2020, e successivamente rifinanziato di 1,67 miliardi per il 2020 dal D.L. n. 104/2020 e di ulteriori 500 milioni per il 2021 dalla legge di bilancio per 2021. La norma vincola espressamente tali risorse aggiuntive al ristoro, nel biennio 2020 e 2021, della perdita di gettito connessa all'emergenza epidemiologica da COVID-19. Le risorse non utilizzate alla fine di ciascun esercizio confluiscono nella quota vincolata del risultato di amministrazione. L'articolo 106 prevede una verifica a consuntivo della effettiva perdita di gettito e dell'andamento delle spese. Ai fini della verifica della effettiva perdita di gettito connessa all'emergenza epidemiologica e dell'andamento delle spese dei singoli enti locali beneficiari, l'articolo 39 del D.L. n. 104/2020 ha disposto l'obbligo per gli enti locali beneficiari di inviare, per via telematica al MEF, una certificazione entro il termine perentorio del 31 maggio 2021 e una entro il 31 maggio 2022, finalizzate ad attestare che la perdita di gettito sia riconducibile esclusivamente all'emergenza Covid-19, e non anche a fattori diversi o a scelte autonome dell'ente. Le eventuali risorse ricevute in eccesso, sono versate all'entrata del bilancio dello Stato. E' prevista una sanzione di carattere finanziario per gli enti locali che non trasmettono la certificazione entro il termine perentorio del 31 maggio 2022, consistente in una riduzione del fondo di solidarietà comunale. Strategico per l'Ente è l'utilizzo di tali risorse straordinarie e a tal fine sarà necessario per il settore ragioneria porre in essere tutte le attività necessaarie per monitorare le esigenze dei servizi dell'Ente per fare fronte alle spese Covid-19 e gli effetti dell'emergenza sanitaria e delle politiche del Governo sulle entrate del comune. Sarà inoltre necessario prevedere un sistema di monitoraggio necessario per redigere le certificazioni 2021 e 2022 per non incorrere in sanzioni. AGGIORNAMENTO 2022: possibilità di utilizzare le risorse assegnate anche nell'esercizio 2022.
A9: A.2 | B9: FINALITA' | C9: gestione delle risorse straordinarie assegnate dallo Stato per l'emergenza Covid-19 anni 2020 e 2021 e redazione della certificazione del loro utilizzo
A11: 0 | B11: AZIONI E TEMPI | C11: Entro il 30/4/2021: individuazione degli impegni 2020 riferiti alle spesa COVID-19 e dell'avanzo vincolato 2020 per FFF: SI
C12: Entro il 31/5/2021:determinazione avanzo vincolato per FFF, redazione proposta di certificazione da trasemettere al Collegio dei Revisori e trasmissione certificazione tramite sistema "pareggio di bilancio": SI
C13: Entro il 31/10/2021: monitoragio richieste di finanziamento spese Covid-19: SI
C14: entro il 30/11/2021: variazioni di bilancio per destinazione del FFF 2020 (avanzo vincolato 2020) e del FFF 2021: SI
C15: entro il 31/12/2021: sistema di monitoraggio degli impegni, delle minori spese legate al Coovid-19 e minori entrate finanziati da FFF: IN CORSO
C16: ATTIVITA' 2022/2023
C17: entro il 31/1/2022 (nuova fase a seguito di modifica normativa): individuazione della quota di fondo funzioni fondamentali residua da destianre al fianziamento dei maggiori costi Covid 2022 di contratti continuativi e spesea covid-19
C18: entro il 31/5/2022 (o entro la data definita per legge): determinazione avanzo vincolato per FFF e redazione proposta di certificazione da trasemettere al Collegio dei Revisori e trasmissione certificazione tramite sistema "pareggio di bilancio" e certificazione utilizzo fondo 2020 e 2021: SI
C19: Entro il 31/10/2022: monitoragio richieste di finanziamento spese Covid-19: SI
C20: entro il 30/11/2022: variazioni di bilancio per destinazione del FFF 2020 - 2021 (avanzo vincolato 2021): SI
C21: entro il 31/12/2022: gestione dei ristori maggiori spese energetiche (gas e elettricità)
C22: entro il 31/5/2023: certificazione finale utilizzo fondi funzioni comunali e dell'utilizzo dei trasferimenti statali per il ristoro delle maggiori spese energetiche.
C23: ENTRO IL 31/12/2023: VERIFICA FINALE EVENTUALE SALDO DA RESTITUIRE SULLA BASE DELLE RISULTANZE DELLA RGS-MINISTERO
C24: ENTRO IL 31/12/2023: EVENTUALE RETTIFICA DEL RENDICONTO 2022 A SEGUITO DELLE RISULTANZE DELLA CERTIFICAZIONE 2023 E DI QUELLE FINALI COMUNICATE DALLA RGS
A26: A.4 | B26: DATA PRESUMIBILE REALIZZO | C26: entro il 30/6/2023 E COMUNQUE ENTRO LA DATA ULTIMA DI CERTIFICAZIONE UTILIZZO FONDI COVID E CONGUAGLIO FINALE AD OGGI FISSATA AL 31/10/2023
A28: A.5 | B28: RESPONSABILE DELL'OBIETTIVO | C28: RESPONABILE SETTORE RAGIONERIA
A30: A.6 | B30: PERSONALE DELL'AREA COINVOLTO | C30: tutto il personale servizio contabilità
A32: A.7 | B32: ALTRI SERVIZI COINVOLTI | C32: amministratori e Posizioni Organizzative
A34: A.8 | B34: RISORSE FINANZIARIE | C34: nessun onere per l'Ente
A36: A.9 | B36: INDICATORI DI EFFICIENZA | C36: determinazione avanzo vincolato 2021 E 2022 :SI/NO
C37: trasmissione certificazioni: SI/NO
A39: A.9 | B39: INDICATORI DI EFFICACIA | C39: utilizzo di tutte delle risorse assegnate: SI/NO
A41: A.9 | B41: INDICATORI DI ECONOMICITA'
A44: A.10 | B44: CRITICITA' | C44: Le regole per la certificazione delle somme sono molto complesse e seguono logiche del tutto nuove e definite in corso d'opera. La rendicontazione 2023 (riferita al 2022) comprende anche la rendicontazione dei trasferimenti ricevuti per il "caro bollette".
A47: A.11 | B47: VERIFICHE | C47: verifica intermedia:
C48: Verifica finale:
C50: Il Responsabile di Posizione Organizzativa
C51: Dott.ssa Angela Del Bon

Sheet 4- PNRR e finanziamenti
A1: Settore RAGIONERIA, TRIBUTI, CONTROLLO DI GESTIONE E PARTECIPATE
A2: RESPONSABILE: | B2: DEL BON ANGELA
A3: PESO IN %
A5: MISSIONE: PROGRAMMA: | B5: OBIETTIVO N. 14 - 2022 | C5: SUPPORTARE LE ATTIVITA' DEI SETTORI AL FINE DI MIGLIORARE LA PARTECIPAZIONE DELL'ENTE AI FINANZIAMENTI A FONDO PERDUTO E DEL PNRR E ALLA GESTIONE DEI FINANZIAMENTI A FONDO PERDUTO E DEL PNRR IN LNEA CON LE PRIORITA' DELLA UE
A6: OBIETTIVO DUP 2019 - 2024 | B6: anni 2022 - 2023 - 2024 | C6: OBIETTIVI STRATEGICI DIVERSI DEL D.U.P. (inclusi nella missione 4 - 9 - 10) - LAVORI PUBBLICI - OPERE E INTERVENTI PNRR - GESTIONE DEL PNRR
A8: A.1 | B8: DESCRIZIONE | C8: L'obiettivo è quello di supportare l'ente e i diversi settori nell'attività di accesso alle opportunità di finanziamento offerte dall'Unione europea con il PNRR. Tramite il fondo pluriennale vincolato sarà possibile iscrivere a bilancio il conorporogramma delle opere e degli interventi secondo le tempistiche e le scadenze definiti dalla disciplina di ciascuna linea di finanziamento. Al fine di adempiere alle prescirizioni di legge e di agevolare la rendicontazione circa l'utilizzo dei fondi la contabilità dell'Ente dovrà garantire il tracciamento di ogni singolo finanziamento.
A9: A.2 | B9: FINALITA' | C9: gestione contabile dei finanziamenti PNRR e a fondo perduto.
A11: A.3 | B11: AZIONI E TEMPI - FASI | C11: entro il 31.12.2023: Collaborare con gli amministratori e i servizi dell'Ente nell'iscrizione a bilancio e nei documenti di programmazione delle progettualità finanziate a fondo perduto e dal PNRR: SI, EFFETTUATE VARIAZIONI DI BILANCIO, AGGIORNATO LE DESCRIZIONE DEI CAPITOLI DEL PNRR COME DA INDICAZONI DELLA RGS, ESAME DELLA NECESSITA' DI COSTITUIRE LA CASSA VINCOLATA. ISCRIZIONE AL REGISTRO ReGIS
C12: entro il 31.12.2024: gestione contabile e tracciamento dei finanziamenti del PNRR: SI, ADEGUAMENTO DEL BILANCIO
C13: entro il 31.12.2024: gestione della cassa vincolata
C14: entro il 31.12.2024: supporto in fase di rendicontazione periodica e finale dell'utilizzo dei finanziamenti ottenuti;
A16: A.4 | B16: DATA PRESUMIBILE REALIZZO | C16: 31.12.2024 (e comunque tenuto conto dei cronoprogrammi delle opere e dei singoli finanziamenti)
A18: A.5 | B18: RESPONSABILE DELL'OBIETTIVO | C18: Responsabile del settore ragioneria
A20: A.6 | B20: PERSONALE DELL'AREA COINVOLTO | C20: personale del settore ragioneria e tributi
A22: A.7 | B22: ALTRI SERVIZI COINVOLTI | C22: tutti i settori dell'Ente
A24: A.8 | B24: RISORSE FINANZIARIE | C24: nessuna spesa a carico dell'Ente per l'attuazione dell'obiettivo
A26: A.9 | B26: INDICATORI DI EFFICIENZA | C26: n. finanziamenti iscritti a bilancio: valore atteso 4
A28: A.9 | B28: INDICATORI DI EFFICACIA
A30: A.9 | B30: INDICATORI DI ECONOMICITA'
A33: A,10 | B33: CRITICITA'
A35: A.11 | B35: VERIFICHE | C35: Verifica intermedia: per la parte di competenza realizzato al 100% per l'esercizio 2022.
C36: Verifica finale:
C38: Il Responsabile di Posizione Organizzativa
C39: Dott.ssa Angela Del Bon

Sheet PUTTINI
C3: Comune di Porto Mantovano
C7: Piano degli Obiettivi 2023 - 2025
B15: SETTORE SERVIZI ALLA PERSONA
C16: DOTT.SSA ANNA KATIA PUTTINI

Sheet INDAGINE POVERTA
A1: area servizi alla peronsa
A2: RESPONSABILE: | B2: anna puttini
A3: PESO IN %
A5: MISSIONE: 12 PROGRAMMA: | B5: OBIETTIVO N. 15 - 2023 | C5: Individuazione delle fasce di fragilità ed attivazione di progetti specifici a sostegno.
A6: OBIETTIVO DUP 2023- 2025 | C6: Welfare solidale e moderno. Attenzione alla persona
A9: A.1 | B9: DESCRIZIONE | C9: Lo sguardo sulle politiche di welfare deve essere rivolto non solo all'insieme delle attività che riguardano una determinata fase della vita, quella delle persone più fragili o quella in cui la necessità di essere accuditi cresce. È necessario guardare anche ad un welfare dal significato più esteso, con una connotazione positiva e arricchente rivolta a tutti i cittadini, anche alle persone che stanno bene. Devono pertnto essere indagati i bisogni in una visione più ampia, evitando una parcellizzazione della persona.
A10: A.2 | B10: FINALITA' | C10: Realizzare una ricerca dedicata alle dinamiche socio-economiche riferita all’ambito del Comune di Porto Mantovano affinchè possano essere individuare e percorse potenziali vie di sviluppo ed intervento.
A12: A.3 | B12: AZIONI E TEMPI - FASI | C12: fase 1 ricerca studio per progettazione
C13: fase 2 affidamento
C14: fase 3 presentazione risultati progetto
A16: A.4 | B16: DATA PRESUMIBILE REALIZZO | C16: 45291
A18: A.5 | B18: RESPONSABILE DELL'OBIETTIVO | C18: Responsabile Area servizi alla Persona
A20: A.6 | B20: PERSONALE DELL'AREA COINVOLTO | C20: tutto il personale dell' area
A22: A.7 | B22: ALTRI SERVIZI COINVOLTI
A24: A.8 | B24: RISORSE FINANZIARIE | C24: risorse proprie di bilancio
A26: A.9 | B26: INDICATORI DI EFFICIENZA | C26: Individuazione delle fasce di fragilità
A28: A.9 | B28: INDICATORI DI EFFICACIA | C28: attivazione di progetti specifici a sostegno.
A30: A.9 | B30: INDICATORI DI ECONOMICITA'
A33: A,10 | B33: CRITICITA'
A35: A.11 | B35: VERIFICHE | C35: Verifica intermedia:
C36: Verifica finale:
C38: Il Responsabile di Posizione Organizzativa
C39: Dott.sssa Anna Puttini

Sheet PERCORSI INCLUSIONE DISABIL 
A1: area servizi alla persona
A2: RESPONSABILE: | B2: anna puttini
A3: PESO IN %
A4: MISSIONE: 12 PROGRAMMA: | B4: OBIETTIVO N. 16 - 2022 | C4: Attivare percorsi di inclusione dei soggetti con disabilità all’interno del tessuto sociale in collaborazione con le ass. di volontariato ed enti preposti.
A5: OBIETTIVO DUP 2023- 2025 | C5: Welfare solidale e moderno. Attenzione alle famiglie e sostegno alle disabilità
A7: A.1 | B7: DESCRIZIONE | C7: Tra le finalità istituzionali di questo Comune rientra la progettazione e la realizzazione, anche in collaborazione con altre realtà del territorio (istituzionali, del privato sociale e del volontariato), di azioni di prevenzione, eliminazione o riduzione delle condizioni di bisogno o disagio individuale, familiare e comunitario, derivanti da difficoltà personali, familiari, sociali ed economiche e da condizioni di fragilità, disabilità e non autonomiaprogetto attività -laboratorio di cucina
A8: A.2 | B8: FINALITA' | C8: Realizzazione del benessere collettivo attraverso la promozione umana e l’integrazione sociale di persone con disabilità adulte e a minori in difficoltà con disabilità, attraverso l’organizzazione di servizi diurni e residenziali oltre a progetti socio-educativi, assistenziali riabilitativi, prelavorativi e ludico ricreativiValorizzare la disabilità all’interno del contesto sociale
A10: A.3 | B10: AZIONI E TEMPI - FASI | C10: fase 1) presa d'atto progetto
C11: fase 2) approvazione protocollo d'intesa con attori coinvolti
C12: fase 3) risultati progetto
A14: A.4 | B14: DATA PRESUMIBILE REALIZZO | C14: 45291
A16: A.5 | B16: RESPONSABILE DELL'OBIETTIVO | C16: Responsabile area servizi alla persona
A18: A.6 | B18: PERSONALE DELL'AREA COINVOLTO | C18: personale dell'area
A20: A.7 | B20: ALTRI SERVIZI COINVOLTI | C20: volontari e ente terzo settore
A22: A.8 | B22: RISORSE FINANZIARIE
A24: A.9 | B24: INDICATORI DI EFFICIENZA
A26: A.9 | B26: INDICATORI DI EFFICACIA
C27: incrementare dinamiche relazionali ed inclusive con altre persone e realtà del territorio
A28: A.9 | B28: INDICATORI DI ECONOMICITA'
A31: A,10 | B31: CRITICITA'
A33: A.11 | B33: VERIFICHE | C33: Verifica intermedia:
C34: Verifica finale:
C36: Il Responsabile di Posizione Organizzativa
C37: Dott.sssa Anna Puttini

Sheet GESTIONE CARTA SOLIDALE I
A1: area servizi alla persona
A2: RESPONSABILE: | B2: anna puttini
A3: PESO IN %
A4: MISSIONE: 12 PROGRAMMA: | B4: OBIETTIVO N. 17 - 2022 | C4: Gestione della Carta solidale per acquisti di beni di prima necessità.
A5: OBIETTIVO DUP 2023 - 2025 | C5: Welfare solidale e moderno. Attenzione alle famiglie e sostegno alle disabilità
A7: A.1 | B7: DESCRIZIONE | C7: Con il decreto del Ministero dell’agricoltura, della sovranità alimentare e delle foreste e del Ministero dell’economia e delle finanze del 18 aprile 2023 , si sono definiti i criteri di individuazione dei beneficiari del contributo economico della Carta solidale per acquisti di beni di prima necessità, a sostegno dei nuclei familiari con ISEE inferiore a 15,000 euro all'anno, che sono stati particolarmnete colpiti dagli effetti dell'inflazione. In quest'ottica i Comuni dovranno attivare tutte le procedure affinchè l'erogazione possa avvenire il prima possibile.
A8: A.2 | B8: FINALITA' | C8: Con la collaborazione di tutti i soggetti pubblici si auspica possano essere alleviate le difficolta economiche delle famiglie maggiormnete colpite dalla difficile congiuntura economica.
A10: A.3 | B10: AZIONI E TEMPI - FASI | C10: fase 1 INPS mette a disposizione dei Comuni, attraverso un apposito applicativo web, unitamente alle relative istruzioni operative, le liste di beneficiari in possesso dei requisiti previsti dal decreto.
C11: fase 2 I Comuni, entro e non oltre 15 giorni dalla pubblicazione sul sito dell’INPS, consolidano (controllo anagrafico e stato di famiglia) gli elenchi dei beneficiari.
C12: fase 3 L’INPS, decorso il termine, rende definitivi tali elenchi entro 10 giorni dal termine del caricamento dei dati sulla piattaforma informatica e li trasmette in via telematica a Poste Italiane ai fini della messa a disposizione delle carte, per il tramite della società controllata Postepay. anagrafico e stato di famiglia) gli elenchi dei beneficiari.
C13: fase 4 INPS entro quattro giorni lavorativi, fornisce ai Comuni, attraverso l’applicativo web, il numero identificativo delle carte da comunicare nelle lettere di notifica che gli stessi dovranno inviare ai beneficiari per comunicare l’assegnazione del contributo e le modalità di ritiro delle carte presso gli uffici postali abilitati al servizio.
A15: A.4 | B15: DATA PRESUMIBILE REALIZZO | C15: 45291
A17: A.5 | B17: RESPONSABILE DELL'OBIETTIVO | C17: Responsabile area servizi alla persona
A19: A.6 | B19: PERSONALE DELL'AREA COINVOLTO | C19: tutta l'area
A21: A.7 | B21: ALTRI SERVIZI COINVOLTI
A23: A.8 | B23: RISORSE FINANZIARIE | C23: nessuna spesa a carico dell'Ente per l'attuazione dell'obiettivo
A25: A.9 | B25: INDICATORI DI EFFICIENZA | C25: rispetto della tempistica di realizzazione del progetto "Carta solidale".
A27: A.9 | B27: INDICATORI DI EFFICACIA | C27: erogazione carta solidale a tutti i beneficiari
A29: A.9 | B29: INDICATORI DI ECONOMICITA'
A32: A,10 | B32: CRITICITA' | C32: Obiettivo strettamente legato ai soggetti pubblici coinvolti
A34: A.11 | B34: VERIFICHE | C34: Verifica intermedia:
C35: Verifica finale:
C37: Il Responsabile di Posizione Organizzativa
C38: Dott.sssa Anna Puttini

Sheet PROGETTO GIOVANI
A1: Area Servizi alla Persona
A2: RESPONSABILE:
A3: PESO IN %
A4: MISSIONE: 6 PROGRAMMA: | B4: OBIETTIVO: 1 8 | C4: Progetto "Giovani "
A5: OBIETTIVO DUP 2023 - 2025 | C5: Politiche giovanili
A8: A.1 | B8: DESCRIZIONE | C8: Regione Lombardia ha promosso il bando"LA LOMBARDIA È DEI GIOVANI” 2023, finalizzato a sostenere i giovani nella costruzione del proprio progetto di vita personale e di sviluppo professionale. Si partecipa al bando con un progetto socio-culturale di cittadinanza attiva che prevede la creazione e la formazione in ambito artistico-culturale di un gruppo di lavoro di ragazze e ragazzi di età compresa tra i 15 e i 34 anni del territorio di Porto Mantovano e dei comuni limitrofi.
A9: A.2 | B9: FINALITA' | C9: Questa Amministrazione ritiene l’investimento verso i suoi cittadini più giovani come il più sicuro e prezioso che una comunità possa attuare, offrendo loro opportunità stimolanti e percorsi di crescita per vivere il presente e affrontare le sfide del futuro attraverso la valorizzazione di percorsi di educazione alla cittadinanza, alla legalità, alla conoscenza della storia locale e del territorio, all’uso intelligente e consapevole delle risorse come veicolo per infondere nei ragazzi il senso di appartenenza e il rispetto della “cosa pubblica".
A11: A.3 | B11: AZIONI E TEMPI - FASI | C11: fase 1) ENTRO IL 29/5/2023 - predisposizione progetto e atto di indirizzo della Giunta comunale
C12: fase 2) ENTRO IL 29/5/2023 - adesione e partecipazione al progetto regionale
C13: fase 3) entro il mesi di agosto 2024 - se ammessi al bando regionale, si procederà alla realizzazione di quanto previsto dal progetto GIOVANI AL CENTRO
A15: A.4 | B15: DATA PRESUMIBILE REALIZZO | C15: termine agosto 2024
A17: A.5 | B17: RESPONSABILE DELL'OBIETTIVO | C17: Responsabile area servizi alla persona
A19: A.6 | B19: PERSONALE DELL'AREA COINVOLTO | C19: tutto il personale dell'area
A21: A.7 | B21: ALTRI SERVIZI COINVOLTI
A23: A.8 | B23: RISORSE FINANZIARIE | C23: risorse proprie di bilancio , dei partner di progetto e finanzimento regionale
A25: A.9 | B25: INDICATORI DI EFFICIENZA | C25: ADESIONE AL PROGETTO: resazione progetto e candidatura: SI/NO
A27: A.9 | B27: INDICATORI DI EFFICACIA | C27: Partecipazione attiva dei giovani alla progettazione e alla realizzazione di attività culturali come esperienza di crescita personale e comunitaria
A29: A.9 | B29: INDICATORI DI ECONOMICITA'
A32: A,10 | B32: CRITICITA' | C32: Obiettivo strettamente legato all'ammissione al bando regionale
A34: A.11 | B34: VERIFICHE | C34: Verifica intermedia:
C35: Verifica finale:
C37: Il Responsabile di Posizione Organizzativa
C38: Dott.sssa Anna Puttini

Sheet BONIOTTI
C3: Comune di Porto Mantovano
C7: Piano degli Obiettivi 2023 - 2025
B15: SETTORE VIGILANZA
C16: DOTT.SSA SIMONETTA BONIOTTI

Sheet BONIOTTI 1-2023
A1: Area POLIZIA LOCALE Settore POLIZIA LOCALE
A2: RESPONSABILE: COMANDANTE POLIZIA LOCALE
A3: PESO IN %
A5: MISSIONE:3 PROGRAMMA: ORDINE PUBBLICO E SICUREZZA | B5: OBIETTIVO N. 19 - 2023 | C5: Ammodernamento e potenziamento della videosorveglianza
A6: OBIETTIVO DUP 2023 - 2025 | C6: Continuare l’opera di ammodernamento e potenziamento del parco delle videocamere distribuite sul territorio anche coprendo aree ad oggi sprovviste di sistema di videosorveglianza
A9: A.1 | B9: DESCRIZIONE | C9: ATTUAZIONE DELPROGETTO RELATIVO ALL'AMPLIAMENTO DELL'ATTUALE SISTEMA DI VIDEOSORVEGLIANZA MEDIANTE L'INSTALLAZIONE DI TELECAMERE IN QUATTRO PARCHI COMUNALI, COFINANZIATO DA REGIONE LOMBARDIA
A10: A.2 | B10: FINALITA' | C10: AUMENTO DELLA PERCEZIONE DI SICUREZZA DA PARTE DEI CITTADINI DI PORTO MANTOVANO MEDIANTE AZIONI DI PREVENZIONE E DI CONTRASTO DEGLI ATTI ILLECITI PERPRETATI NEI PARCHI PUBBLICI
A12: A.3 | B12: AZIONI E TEMPI - FASI
C13: entro il 30.06.2023 affidamento della fornitura e posa del nuovo sistema di videosorveglianza nei quattro parchi comunali
C15: entro il 30.10.2023: realizzazione sistemi di videosorveglianza e rendicontazione bando
A16: A.4 | B16: DATA PRESUMIBILE REALIZZO | C16: 30.10.2023
A18: A.5 | B18: RESPONSABILE DELL'OBIETTIVO | C18: Comandante Comm. Capo di P.L. Dott.ssa Simonetta Boniotti
A20: A.6 | B20: PERSONALE DELL'AREA COINVOLTO | C20: tutti gli Agenti appartenenti al servizio
A22: A.7 | B22: ALTRI SERVIZI COINVOLTI
A24: A.8 | B24: RISORSE FINANZIARIE | C24: in parte risorse proprie dell'Ente, in parte cofinanziate da Regione Lombardia
A26: A.9 | B26: INDICATORI DI EFFICIENZA | C26: contrasto al degrado urbano, disagio sociale e inciviltà e contestuale aumento della sicurezza
A28: A.9 | B28: INDICATORI DI EFFICACIA | C28: diminuzione atti vandalici nei parchi oggetto delle installazioni di nuove telecamere
A30: A.9 | B30: INDICATORI DI ECONOMICITA' | C30: garanzia di un nuovo sistema di videosorveglianza cofinanziato con risorse regionali
A33: A,10 | B33: CRITICITA'
A35: A.11 | B35: VERIFICHE | C35: Verifica intermedia:
C36: Verifica finale:
C38: Il Responsabile di Posizione Organizzativa

Sheet BONIOTTI 2-2023
A1: Area POLIZIA LOCALE Settore POLIZIA LOCALE
A2: RESPONSABILE: COMANDANTE POLIZIA LOCALE
A3: PESO IN %
A5: MISSIONE:3 PROGRAMMA: ORDINE PUBBLICO E SICUREZZA | B5: OBIETTIVO N. 20 - 2023 | C5: Educare alla legalità e alla sicurezza sulla strada
A6: OBIETTIVO DUP 2023 - 2025 | C6: campagne di sensibilizzazione nelle scuole da parte degli agenti della Polizia Locale e in collaborazione con le associazioni di volontariato ai fini della sicurezza stradale e urbana.
A9: A.1 | B9: DESCRIZIONE | C9: L’educazione alla legalità e alla sicurezza nella scuola costituisce un formidabile strumento per lo sviluppo di comportamenti corretti e responsabili, individuali e di gruppo, orientati ad intuire i rischi e a prevenire incidenti fin dalla più tenera età. Verranno proposti dei progetti relativi alla sicurezza stradale finalizzati alla consapevolezza della sicurezza intesa come prevenzione.
A10: A.2 | B10: FINALITA' | C10: sviluppo delle competenze del "sapere", "saper fare" e "saper essere" nell'abito della sicurezza stradale
A12: A.3 | B12: AZIONI E TEMPI - FASI | C12: entro il 30.09.2023: contatti con personale dell'Istituto Comprensivo di Porto Mantovano
C13: entro il 30.10.2023: presentazione progetti di sicurezza stradale suddivisi per scuole (infanzia, primaria e secondaria di primo grado)
C14: entro il 31.12.2023: predisposizione cronoprogramma attività educative
A16: A.4 | B16: DATA PRESUMIBILE REALIZZO | C16: 31.12.2023
A18: A.5 | B18: RESPONSABILE DELL'OBIETTIVO | C18: Comandante Comm. Capo di P.L. Dott.ssa Simonetta Boniotti
A20: A.6 | B20: PERSONALE DELL'AREA COINVOLTO | C20: tutti gli Agenti appartenenti al servizio
A22: A.7 | B22: ALTRI SERVIZI COINVOLTI
A24: A.8 | B24: RISORSE FINANZIARIE | C24: risorse proprie dell'Ente
A26: A.9 | B26: INDICATORI DI EFFICIENZA | C26: maggiore consapevolezza nei comportamenti messi in atto sulla strada
A28: A.9 | B28: INDICATORI DI EFFICACIA | C28: diminuzione comportamenti errati e pericolosi sulle strade
A30: A.9 | B30: INDICATORI DI ECONOMICITA' | C30: replicabilità e sostenibilità dei progetti di educazione alla legalità e alla sicurezza stradale
A33: A,10 | B33: CRITICITA'
A35: A.11 | B35: VERIFICHE | C35: Verifica intermedia:
C36: Verifica finale:
C38: Il Responsabile di Posizione Organizzativa

Sheet MOFFA
C3: Comune di Porto Mantovano
C7: Piano degli Obiettivi 2023 - 2025
B15: SETTORE UFFICIO TECNICO E AMBIENTE
C16: ARCH. ROSANNA MOFFA

Sheet 1 - moffa pgt
A1: Area TECNICA : SETTORE GESTIONE DEL TERRITORIO
A2: RESPONSABILE | B2: ROSANNA MOFFA
A4: MISSIONE: 8 PROGRAMMA: 1 | B4: OBIETTIVO N. 21 - 2023 | C4: FASE SUCCESSIVA ALL'APPROVAZIONE DEL PGT E GESTIONE PIANI ATTUATIVI
A6: OBIETTIVO DUP 2019 - 2024 | B6: OBIETTIVO 2023 - 2025
A8: A.1 | B8: DESCRIZIONE | C8: A seguito dell'approvazione definitiva del PGT e della sua efficacia, ha avuto inizio la fase dell'applicazione delle norme nuove e decadenza delle precedenti. Come pure è in corso la fase di attuazione delle scelte strategiche e di pianificazione attuativa, con conseguenti specifici approfondimenti e procedure burocratiche di approvazione. Verrà attivata anche la fase di monitoraggio ambientale.
A9: A.2 | B9: FINALITA' | C9: Gestire le richieste di interventi diretti (PdC o DIA), PdC convenzionati e di piani attuativi (PA) sul territorio, previsti dal PGT, valutando le eventuali incongruenze che probabilmente si presenteranno, individuando le modalità per la loro risoluzione. Collaborazione con settore Ecologia e LL.PP./Manutentivo, per l'individuazione di iniziative pubbliche da perseguire con le pianificazioni attuative e con i PdC convenzionati, nonchè per le procedure di monitoraggio ambientale. Promuovere la presentazione di altri piani attuativi. Dare attuazione alla LR 18/2019 in tema di rigenerazione urbana collaborando attivamente con i progettisti incaricati alla redazione del materiale oggetto delle varie delibere di Consiglio Comunale
A11: A.3 | B11: AZIONI E TEMPI | C11: Fase 1. Rapporto di consultazione: questa fase anticipa la progettazione ed è caratterizzata dalla necessaria consultazione, con l'Amministrazione, dei proponenti, per le valutazioni di compatibilità e per far recepire gli obiettivi strategici dell'Amministrazione. Non è prevista una tempistica, dovendo raggiungersi una condivisione, tra le parti, degli obiettivi da conseguire. SI
C12: Fase 2. Analisi proposta preliminare di fattibilità: in considerazione delle risultanze del confronto tra le parti, dovrà discendere una proposta preliminare con una documentazione minima da sottoporre agli organismi di partecipazione istituiti dal Consiglio Comunale, cui farà seguito il pronunciamento dell'Amministrazione: tempo previsto 60 gg. SI
C13: Fase 3. Approvazione: In caso di Piano Attuativo dovrà seguirsi la procedura di cui all'art. 14 della LR 12/05, con coinvolgimento della giunta o del consiglio, in funzione delle determinazioni assunte con il PGT. I tempi sono stabiliti dalla normativa (art.14 LR. 12/05). Le procedure comportano la predisposizione della convenzione che regolerà i rapporti tra le parti, l'Adozione e la successiva pubblicazione per le osservazioni e quindi l'Approvazione definitiva. In caso di PdC convenzionato, si dovrà redigere e approvare la convenzione tra le parti con precedente trattativa. SI - PER IL PL MALPENSATA GOMBETTO 2 ADOTTATO CON DELIBERAZIONE DI CC N. 41 DEL 12/6/2023 DECORRONO AI SENSI DELLA LR 12/2005 I TEMPI PER APPROVAZIONE DEFINITIVA E STIPULA CONVENZIONE URBANSITICA ENTRO IL 31/12/2023
C14: Fase 4. Seguire l'attuazione del piano nelle fasi di collaudo in corso d'opera, nella realizzazione delle eventuali opere compensative e nella fase finale di completamento e cessione gratuita delle opere al comune SI
C15: Fase 5 . Monitoraggio: Segue la fase di attuazione e comporta la collaborazione con altri settori. SI
C16: Fase 6 in tema di RIGENERAZIONE LEGGE 18/2019: 1. individuazione degli ambiti di rigenerazione, per i quali i Comuni possono prevedere azioni di semplificazione dei procedimenti e di incentivazione anche economica, usi temporanei e sviluppo di studi di fattibilità economica e urbanistica (rif. art. 8 bis, c. 1 della l.r. n. 12 del 2005; art. 3, c. 1, lett. k della l.r. n. 18 del 2019); 2. individuazione degli ambiti di esclusione dall'applicazione della disciplina per il recupero dei piani terra - estensione delle norme per il recupero dei seminterrati ex lege n. 7 del 2017 anche ai piani terra - (rif. art. 8, c. 2 della l.r. n. 18 del 2019); 3. individuazione degli immobili dismessi che causano particolari criticità per salute, sicurezza idraulica e strutturale, inquinamento, degrado ambientale e urbanistico-edilizio (rif. art. 40 bis, c.1 della l.r. n. 12 del 2005; art. 4, c. 1 lett. a della l.r. n. 18 del 2019); 4. individuazione delle aree escluse dall'applicazione delle deroghe e degli incentivi volumetrici previsti dai commi 5 e 10 dell’art. 40 bis (rif. art. 40 bis, c.1 della l.r. n. 12 del 2005; art. 4, c. 1 lett. a della l.r. n. 18 del 2019); 5. modulazione: o delle percentuali di aumento dell’indice di edificabilità massimo del PGT, come indicate nella D.g.r. 5 agosto 2020 - n. XI/3508 “Approvazione dei criteri per l’accesso all’incremento dell’indice di edificabilità massimo del PGT (art. 11, comma 5 della l.r. 12/05)” o delle percentuali di riduzione del contributo di costruzione indicate nella D.g.r. 5 agosto 2020 - n. XI/3509 “criteri per l’accesso alla riduzione del contributo di costruzione (art. 43 comma 2 quinquies della l.r. 12/05)”, secondo principi di adeguatezza e proporzionalità, in base alla peculiarità del proprio territorio e delle specifiche strategie di governo ad esse sottese;
A18: A.4 | B18: DATA PRESUMIBILE REALIZZO | C18: 46022
A20: A.5 | B20: RESPONSABILE DELL'OBIETTIVO | C20: Rosanna Moffa
A22: A.6 | B22: PERSONALE DELL'AREA COINVOLTO | C22: Elena Bombana, Idalisa Fiorini
A24: A.7 | B24: ALTRI SERVIZI COINVOLTI | C24: Ecologia, LL.PP./ Manutentivo, Viabilità
A26: A.8 | B26: RISORSE FINANZIARIE | C26: non sono prevedibili oneri in capo all'Amminsitrazione Comunale
A28: A.9 | B28: INDICATORI DI EFFICIENZA
A30: A.9 | B30: INDICATORI DI EFFICACIA | C30: promuovere l'avvio di alcuni ambiti di trasformazione importanti e strategici per il territorio comunale: PIANO DI LOTTIZZAZIONE ARTIGIANALE MALPENSATA GOMBETTO 2 (in fase di adozione - RICADE NELLA FASE 3), AT 001 CORTE FORNASOTTO (in fase di presentazione la proposta di piano - DOPO L'ADOZIONE RICADE IN FASE 3) e AT 008 Corte Ardena. Seguire lo sviluppo e la chiusura di altri piani in fase di completamento: AT 023 Corte Baitone (in corso di attuazione), AT 025 Corte Tezze (presentata Variante al PL già approvato), AT_013 VILLA FAVORITA (in corso di attuazione) , AT 005 PL Spinosa (in corso attuazione), AT 004 sub comparti A (in corso l'attuazione - variante già approvata), AT 004 sub comparto B (in corso di attuazione), PDC Convenzionato in via Manzoni per costruzione cabina ENEL (in corsodi attuazione), Piano di Recupero Corte Spinosa in ambito agricolo approvato in gennaio 2021, convenzionato in marzo 2021 ed in corso di attuazione. Dare attuazione agli adempimenti previsti nella LR 18/2019.
A31: A.9 | B31: INDICATORI DI ECONOMICITA' | C31: previsione di opere pubbliche compensative nelle convenzione urbanistiche dei vari piani attuativi o PdC convenzionati
A34: A.10 | B34: CRITICITA'
A36: A.11 | B36: VERIFICHE
C37: VERIFICA FINALE:
C39: Il Responsabile di Posizione Organizzativa
C40: architetto Rosanna Moffa
B42: nota: LE AZIONI INDICATE SONO VERIFICATE A SECONDA DEI DIVERSI AMBITI DI TRASFORMAZIONE (PIANI ATTUATIVI)

Sheet 2 - moffa uso sottosuolo
A1: Area TECNICA : SETTORE GESTIONE DEL TERRITORIO
A2: RESPONSABILE | B2: ROSANNA MOFFA
A4: MISSIONE: 9 PROGRAMMA:1 | B4: OBIETTIVO N.22 - 2024 e 2025 | C4: Adempimenti di cui al capo II della L.R. 7/2012 "Disciplina comunale del sottosuolo": redazione del REGOLAMENTO PER L'USO DEL SOTTOSUOLO e formazione del catasto del sottosuolo
A6: OBIETTIVO DUP 2019 - 2024 | B6: OBIETTIVO 2023 - 2025
A8: A.1 | B8: DESCRIZIONE | C8: La legge regionale n. 7 del 18.04.2012 prevede agli artt. 37 e seguenti fino al 42 una serie di adempimenti per la disciplina comunale del sottosuolo: PUGSS, Regolamento del sottosuolo e Catasto del sottosuolo. Inoltre va costituito un ufficio unico per gli interventi nel sottosuolo competente per la redazione e l'aggiornamento degli strumenti sopradettti (PUGSS, Regolamento e Catasto), oltre che per gli interventi infrastrutturali relativi al sottosuolo. Le informazioni del catasto del sottosuolo verranno rese disponibili al servizio tributi per definire l'eventuale nuova base imponibile del COSAP sulle occupazioni sotterranee (Canone Unco Patrimoniale).
A9: A.2 | B9: FINALITA' | C9: L'obiettivo è quello della stessa legge regionale, ovvero "garantire l'efficienza delle strutture pubbliche presenti sul territorio e fornire idonei strumenti per la competitività delle imprese ivi insediate". E offrire una adeguata copertura territoriale dei servizi, anche nelle zone svantaggiate o poco accessibili.
A11: A.3 | B11: AZIONI E TEMPI | C11: Nel corso del 2012 è stato individuato l' ufficio unico per gli interventi del sottosuolo. Nel 2013 è stata espletata la procedura di selezione per l'affidamento dell'incarico di redazione del PUGSS e del Regolamento per l'uso del sottosuolo affidando l'incarico all'ingegner Ferrari Gianluca di Mantova e in novembre 2014 il Piano Urbano Generale dei Servizi del Sottosuolo è stato approvato definitivamente. E' in corso la redazione del Regolamento per l'uso del sottosuolo.
C12: Fase 1: attività propedeutica consistente nella raccolta di dati e informazioni anche dal servizio di polizia locale per le attività successive - ENTRO IL 31/12/2023
C13: Fase 2: adozione e approvazione del Regolamento per l'uso del sottosuolo - Verrà effettuata una verifica con l'ufficio Tributi (Cosap sottosuolo) per valutare gli eventuali effetti finanziari delle scelte del regolamento con richiesta di eventuale parere.
C14: Fase 3: formazione del Catasto del sottosuolo
A16: A.4 | B16: DATA PRESUMIBILE REALIZZO | C16: 45657
A18: A.5 | B18: RESPONSABILE DELL'OBIETTIVO | C18: Rosanna Moffa
A20: A.6 | B20: PERSONALE DELL'AREA COINVOLTO | C20: tutto il personale dell'area tecnica
A22: A.7 | B22: ALTRI SERVIZI COINVOLTI | C22: polizia locale
A24: A.8 | B24: RISORSE FINANZIARIE | C24: Somme necessarie per l'affidamento di incarichi esterni per la redazione del PUGSS e del Regolamento del sottosuolo (già finanziate)
A26: A.9 | B26: INDICATORI DI EFFICIENZA
A28: A.9 | B28: INDICATORI DI EFFICACIA | C28: progettare uno strumento che consenta al comune di gestire e controllare l'uso del sottosuolo da parte degli enti interessati
A30: A.9 | B30: INDICATORI DI ECONOMICITA'
A33: A.10 | B33: CRITICITA'
A35: A.11 | B35: VERIFICHE
C36: VERIFICA FINALE:
C38: Il Responsabile di Posizione Organizzativa
C39: architetto Rosanna Moffa

Sheet 3 - moffa opere pubbliche
A1: Area TECNICA : SETTORE GESTIONE DEL TERRITORIO
A2: RESPONSABILE | B2: ROSANNA MOFFA
A4: MISSIONE: 1 - 4 - 6 - 9 - 10 PROGRAMMA: | B4: OBIETTIVO N. 23 - 2023 | C4: REALIZZAZIONE OPERE PUBBLICHE STRATEGICHE PER LA SICUREZZA E LO SVILUPPO DEL TERRITORIO
A6: OBIETTIVO DUP 2019 - 2024 | B6: OBIETTIVO 2023-2025 | C6: OBIETTIVI STRATEGICI DIVERSI DEL D.U.P. (inclusi nella missione 1 - 4 - 6 - 9 - 10) - LAVORI PUBBLICI
A8: A.1 | B8: DESCRIZIONE | C8: Nel corso del 2023 continua l'attività di programmazione ed attuazione di alcune opere strategiche per lo sviluppo del territorio e per la valorizzazione e potenziamento di alcuni edifici pubblici, di cui alcune già avviate nel corso del 2018, 2019 e 2021. In particolare si fa riferimento alle seguenti opere: Da aggiudicare o in corso 1. Ampliamento sede Porto Emergenza 2. Aree esterne sede di Porto Emergenza 3. Ampliamento strutture sportive Ca Rossa 4. Lavori complementari impianti sportivi Ca Rossa 5. Impianto fotovoltaico impianti sportivi Ca Rossa 6. Lavori di adeguamento della copertura della piscina comunale 7. Lavori di riqualificazione urbana primo tratto di via Roma 8. Opere complementari alla riqualificazione di via Roma 9. Opere di messa in sicurezza strade urbane (30.000 contributo ministero) Inoltre sono previsti interventi di potenziamento e manutenzione del patrimonio arboreo comunale Concluse nel 2023 o in fase conclusiva 10. Adeguamento Centro di Raccolta comunale 11. Opere di efficientamento energetico e abbattimento barriere architettoniche sede municipale 12. Aree pedonali antistanti la sede municipale
A9: A.2 | B9: FINALITA' | C9: Attraverso l'attuazione dei suddetti progetti l'Amministrazione affronta e risolve molteplici tematiche, l'efficientamento energetico della sede comunale, la riqualificazione degli spazi destinati ai servizi sanitari e sportivi, la riqualificazione e valorizzazione di spazi per la creazione di nuovi servizi socio-culturali, la messa in sicurezza e riqualificazione della viabilità e il potenziamento delle aree verdi con la formaizone di un parco giochi inclusivo.
A11: A.3 | B11: AZIONI E TEMPI | C11: fase 1: redazione e approvazione dei progetti
C12: fase 2: affidamento dei lavori
C13: fase 3: esecuzione delle opere, controllo e gestione dei cantieri fino alla contabilità finale
A15: A.4 | B15: DATA PRESUMIBILE REALIZZO | C15: i tempi di realizzo si differenziano a seconda delle opere
A17: A.5 | B17: RESPONSABILE DELL'OBIETTIVO | C17: Rosanna Moffa
A19: A.6 | B19: PERSONALE DELL'AREA COINVOLTO | C19: Giuseppe Menestò, Paolo Zangelmi, Michele Gandolfi - la progettazione e Direzione Lavori delle opere Nn. 7, 8, 9, 11 e 12 è interna all'ufficio tecnico
A21: A.7 | B21: ALTRI SERVIZI COINVOLTI
A23: A.8 | B23: RISORSE FINANZIARIE | C23: la copertura finanziaria delle varie opere è data da previsioni già inserite nel bilancio dell'ente.
A25: A.9 | B25: INDICATORI DI EFFICIENZA
A27: A.9 | B27: INDICATORI DI EFFICACIA | C27: svolgimento delle attività propedeutiche alla realizzazione delle opere e completamento delle stesse
A29: A.9 | B29: INDICATORI DI ECONOMICITA'
A32: A.10 | B32: CRITICITA'
A34: A.11 | B34: VERIFICHE
C35: VERIFICA FINALE:
C37: Il Responsabile di Posizione Organizzativa
C38: architetto Rosanna Moffa

Sheet 4 - moffa OPERE PNRR
A1: Area TECNICA : SETTORE GESTIONE DEL TERRITORIO
A2: RESPONSABILE | B2: ROSANNA MOFFA
A4: MISSIONE: 1 - 4 - 9 - 10 - 10 PROGRAMMA: | B4: OBIETTIVO N. 24 - 2023 | C4: REALIZZAZIONE OPERE PUBBLICHE STRATEGICHE PER LA SICUREZZA E LO SVILUPPO DEL TERRITORIO
A6: OBIETTIVO DUP 2019 - 2024 | B6: OBIETTIVO 2023-2025 | C6: OBIETTIVI STRATEGICI DIVERSI DEL D.U.P. (inclusi nella missione 1 - 4 - 9 - 10) - LAVORI PUBBLICI - OPERE PNRR
A8: A.1 | B8: DESCRIZIONE | C8: Il comune di Porto Mantovano partecipa al Piano Nazionale di Ripresa e Resilienza con quattro opere da realizzare. OPERA finanziata dal Ministero dell’Istruzione - PNRR Missione 4 – Istruzione e Ricerca – Componente 1 – Potenziamento dell’offerta dei servizi di istruzione: dagli asili nido alle Università, - Investimento 1.1: ”Piani per gli asili nido e scuole dell’infanzia e servizi di educazione e cura per la prima infanzia”, finanziato dall’Unione Europea – Next Generation EU – M4-C1-I1.1 – del Piano di Ripresa e Resilienza (PNRR). 1. NUOVA SCUOLA DELL’INFANZIA STRADA DOSSO – PNRR M4 C1 I1.1 FINANZIATO DALL’UNIONE EUROPEA – NEXT GENERATION EU - CUP C35E22000010006 - euro 5.280.000 € 4.800.000,00 oltre al 10 % del FOI Fondo Opere Indifferibili per un totale di euro 5.280.000,00 Opere di rigenerazione urbana di cui all’art. 1 comma 42 della Legge del 27.12.2019 n. 160, confluite nella Missione 5 “Inclusione e Coesione”, Competenze 2 “Infrastrutture Sociali, famiglie, comunità e terzo settore”, Investimento 2.1 “Investimenti in progetti di rigenerazione urbana, volti a ridurre situazioni di emarginazione e degrado sociale” - M5-C2-I2.1 - del Piano di Ripresa e Resilienza (PNRR). 2. REALIZZAZIONE DI UN PARCO INCLUSIVO ALLA CA’ ROSSA DI PORTO MANTOVANO PNRR M5-C2-I2.1 – PROGETTO FINANZIATO DALL’UNIONE EUROPEA – NEXT GENERATION EU – CUP C31B21004640001 - IMPORTO EURO 320.000,00 3. RIQUALIFICAZIONE DI VIA LIBERTÀ A SOAVE DI PORTO MANTOVANO - LOTTO 2 - PNRR M5-C2-I2.1 – PROGETTO FINANZIATO DALL’UNIONE EUROPEA – NEXT GENERATION EU – CUP C31B21004650001 - IMPORTO EURO 420.000,00
C9: Opere di Efficientamento Energetico di cui all’art. 1 comma 29 della Legge 27 dicembre 2019, n. 160 (cosiddette Piccole opere) confluite nella Missione 2 Rivoluzione verde e transizione ecologica, Componente 4 Tutela del territorio e della risorsa idrica, Investimento 2.2 Interventi per la resilienza, la valorizzazione del territorio e l'efficienza energetica dei comuni” - M2-C4-I2.2 - del Piano di Ripresa e Resilienza (PNRR). 4. EFFICIENTAMENTO ENERGETICO SCUOLA TREVES 2° LOTTO – PNRR M2-C4-I2.2 FINANZIATO DALL’UNIONE EUROPEA - NEXT GENERATION EU – CUP: C33I23000010006 – IMPORTO EURO 90.000,00 Sono confluite inoltre nel PNRR anche le piccole opere M2-C4-I2.2 di cui all’art. 1 comma 29 della L 160/2019 già concluse o in fase di completamento con l’obbligo di eseguire la rendicontazione sul sistema REGIS del MEF: 5. EFFICIENTAMENTO ENERGETICO SCUOLA TREVES LOTTO 1 – euro 90.000 6. SUPERAMENTO BARRIERE ARCHITETTONICHE ED EFFICIENTAMENTO ENERGETICO SEDI MUNICIPALI – 130.000 7. REALIZZAZIONE ATTRAVERSAMENTO PEDONALE STRADA CISA – euro 50.000 8. EFFICIENTAMENTO ENERGETICO SEDE STACCATA DEL MUNICIPIO – euro 90.000 PNRR – OPERE CANDIDATE E NON FINANZIATE - Nuova Palestra scuola media - Nuovo centro di raccolta comunale
A10: A.2 | B10: FINALITA' | C10: Attraverso l'attuazione dei suddetti progetti l'Amministrazione affronta e risolve molteplici tematiche. Innanzitutto la costruzione di una nuova scuola dell'infanzia consente di migliorare l'offerta dell'edilizia scolastica comunale e di riorganizzare le strutture disponibili sul territorio nell'ambito culturale e scolastico. Procede nell'efficientamento energetico della scuola di via Treves. Inoltre gli interventi di rigenerazione urbana consentono la riqualificazione del secondo tratto di via Libertà a Soave di Porto Mantovano e il potenziamento delle aree verdi attraverso un intervento di grande valore sociale come il parco giochi inclusivo nella grande area verde di Ca Rossa.
A12: A.3 | B12: AZIONI E TEMPI | C12: Il PNRR impone target e milestone molto stringenti. La progettazione e l’esecuzione delle opere deve rispettare le norme imposte dal piano con particolare riferimento ai principi DNSH, ovvero di non arrecare danno all’ambiente, e principi trasversali in merito alla parità di genere, lavoro giovanile, superamento divari territoriali e tagging climatici e digitali. Ogni opera partecipa agli indicatori comuni nelle modalità previste. Le scadenze sono indicate nei rispetti accordi di concessione e più sotto dettagliate. Tutte le opere vanno rendicontate sul sistema REGIS del MEF secondo le tempistiche indicate per ogni opera.
C13: Per la NUOVA SCUOLA – aggiudicazione lavori entro il 20 giugno2023 , consegna dei lavori entro il 30 novembre 2023, fine lavori entro il 31/12/2025 e collaudo entro il 30/6/2026.
C14: Per le OPERE DI RIGENERAZIONE (parco inclusivo e via Libertà) – stipula contratto entro il 30/7/2023, pagare almeno il 30 % del SAL entro il 30/9/2024 e terminare i lavori entro il 31/3/2026.
C15: Per EFFICIENTAMENTO ENERGETICO SCUOLA TREVES SECONDO LOTTO – avvio dei lavori entro il 15/9/2023.
A17: A.4 | B17: DATA PRESUMIBILE REALIZZO | C17: i tempi di realizzo si differenziano a seconda delle opere come sopra indicato
A19: A.5 | B19: RESPONSABILE DELL'OBIETTIVO | C19: Rosanna Moffa
A21: A.6 | B21: PERSONALE DELL'AREA COINVOLTO | C21: Giuseppe Menestò, Paolo Zangelmi, Michele Gandolfi
A23: A.7 | B23: ALTRI SERVIZI COINVOLTI
A25: A.8 | B25: RISORSE FINANZIARIE | C25: le opere sono tutte finanziate con FONDI NEXT GENERATION EU NEL PIANO NAZIONALE DI RIPRESA E RESILIENZA - PNRR
A27: A.9 | B27: INDICATORI DI EFFICIENZA | C27: rispetto delle milestone imposte dal PNRR
A29: A.9 | B29: INDICATORI DI EFFICACIA | C29: svolgimento delle attività necessarie per la realizzazione delle opere e completamento delle stesse
A31: A.9 | B31: INDICATORI DI ECONOMICITA'
A34: A.10 | B34: CRITICITA'
A36: A.11 | B36: VERIFICHE
C37: VERIFICA FINALE:
C39: Il Responsabile di Posizione Organizzativa
C40: architetto Rosanna Moffa

Sheet 5 - moffa sviluppo sostenibile
A1: Area TECNICA : SETTORE GESTIONE DEL TERRITORIO - LAVORI PUBBLICI
A2: RESPONSABILE | B2: ROSANNA MOFFA
A4: MISSIONE: 9 PROGRAMMA: | B4: OBIETTIVO N. 25 - 2023 | C4: PROGETTI PER LO SVILUPPO SOSTENIBILE DEL TERRITORIO COMUNALE: GESTIONE CALORE CON EFFICIENTAMENTO ENERGETICO - STUDIO COMUNALE DI GESTIONE DEL RISCHIO IDRAULICO - BANDO CARIPLO STRATEGIA CLIMA - POTENZIAMENTO E AMPLIAMENTO DEL PATRIMONIO ARBOREO - COMUNITA' ENERGETICHE
A6: OBIETTIVO DUP 2019 - 2024 | B6: OBIETTIVO 2023 - 2025 | C6: Salvaguardia ambientale e risparmio energetico - Boschi urbani, parchi e aree verdi - Ambiente e rispermio energetico
A8: A.1 | B8: DESCRIZIONE | C8: 1- Il comune di Porto Mantovano insieme ai comuni di Marmirolo, unione dei comuni di San Giorgio e Bigarello (capofila) e Roncoferraro (a cui nei primi mesi del 2018 si sono aggiunti i comuni di Asola e Gambara in provincia di Brescia) in giugno 2017 è risultato assegnatario del bando di Fondazione Cariplo che ha fornito ai comuni un servizio gratuito di Assistenza Tecnica, prestato da consulenti positamente selezionati, per la riqualificazione energetica degli immobili finalizzato alla gara della gestione calore degli edifici pubblici. La gara è stata già espletata ed ha individuato la ditta aggiudicatrice che prenderà in carico la gestione calore e l'esecuzione degli interventi di efficientamento energetico sul patrimonio edilizio dell'ente come da offerta esposta in gara. L'ufficio dovrà seguire la nuova ditta nella fase di avvio della gestione e nelle procedure di attuazione dei progetti di investimento di riqualificazione energetica da realizzare sul patrimonio. --- 2- nel rispetto delle vigenti normative (regolamento regionale del Rischio idraulico n. 7/2017) è in fase conclusiva la redazione dello STUDIO COMUNALE DI GESTIONE DEL RISCHIO IDRAULICO quale strumento che contiene lo studio delle condizioni di pericolosità idraulica che, associata a vulnerabilità ed esposizione al rischio, individua le situazioni di rischio, sulle quali individuare le misure strutturali e non strutturali da attuare. --- 3- il comune partecipa alla STRATEGIA DI TRANSIZIONE CLIMATICA “ACE3T-CLIMA ACQUA, CALORE ED ENERGIA: 3 PILASTRI PER LA TRANSIZIONE CLIMATICA DEL MANTOVANO” NELL’AMBITO DEL BANDO “CALL FOR IDEAS – STRATEGIA CLIMA” PROMOSSO DA FONDAZIONE CARIPLO E COFINANZIATO DALLA STESSA FONDAZIONE E DA REGIONE LOMBARDIA. Fondazione Cariplo offre ai comuni una consulenza, tramite lo IUAV di Venezia e Ambiente Italia, quale supporto su diverse tematiche: revisione dei PGT per i temi ambientali, comunità energetiche ecc. ecc. --- 4- in base al DECRETO 10 marzo 2020 "Criteri ambientali minimi per il servizio di gestione del verde pubblico e la fornitura di prodotti per la cura del verde" è in fase di completamento la redazione del Catasto Arboreo che consentirà di migliorare la gestione delle piante esistenti nel territorio comunale. Si prevede anche la formazione di nuovi polmoni verdi sul territorio nell'ottica di migliorare la qualità dell'aria e dell'ambiente in genere. --- 5- Nei mesi scorsi è stato affidato alla società AMBIENTE ITALIA srl di Milano il servizio di PROGETTAZIONE PER LO SVILUPPO DI COMUNITA’ ENERGETICHE RINNOVABILI SUL TERRITORIO DEL COMUNE DI PORTO MANTOVANO. L’obiettivo è di redigere uno studio di fattibilità per la formazione di una comunità energetica sul territorio comunale previa analisi del patrimonio edilizio sotto i profili delle caratteristiche energetiche.
A9: A.2 | B9: FINALITA' | C9: 1-migliorare la gestione calore degli edifici pubblici riducendo i consumi e attuando per alcuni edifici la riqualificazione energetica (elettrica e termica) --- 2-definire il rischio idraulico del territorio per migliorarne la gestione e programmare futuri interventi --- 3-attuare politiche di transizione climatica per un approccio compatibile nella progettazione urbanistica del territorio e nella gestione del patrimonio. --- 4-migliorare e ampliare il patrimonio arboreo. ---5- promuovere la creazione di una comunità energetica nel comune di Porto
A11: A.3 | B11: AZIONI E TEMPI | C11: 1-fase di stipula del contratto con la ditta aggiudicatrice e avvio della gestione calore. Avvio delle procedure per eseguire i lavori di efficientamento in base all'elenco proposto. GESTIONE CALORE AVVIATA A SETTEMBRE 2022 - STIPULA CONTRATTO E AVVIO PROCEDURE DEI LAVORI ENTRO 31/12/2023
C12: 2-attività di coordinamento con il professionista incaricato per la redazione del rischio idraulico, approvazione dei documenti redatti e individuazione degli interventi strutturali per la gestione del rischio.
C13: 3-attività di interfaccia con la struttura di supporto di Strategia Clima per lo svoglimento dei molteplici progetti in campo
C14: 4--individuazione del soggetto per la redazione del catasto arboreo, redazione catasto arboreo e progettazione di nuovi polmoni verdi INDIVIDUAZIONE SOGGETTO FATTO NEL 2022 - REDAZIONE DEL CATASTO ARBOREO ENTRO 31/12/2023
C15: 5- affidamento incarico per la redazione della comunità energetica e procedere negli step neccesari al raggiungimento degli obiettivi - IMPOSTAZIONE PROGETTO COMUNITA' ENERGETICA ENTRO 31/12/2023
A16: A.4 | B16: DATA PRESUMIBILE REALIZZO | C16: 45657
A18: A.5 | B18: RESPONSABILE DELL'OBIETTIVO | C18: Rosanna Moffa
A20: A.6 | B20: PERSONALE DELL'AREA COINVOLTO | C20: Elena Bombana, Idalisa Fiorini, Michele Gandolfi, Giuseppe Menestò e Paolo Zangelmi
A22: A.7 | B22: ALTRI SERVIZI COINVOLTI
A24: A.8 | B24: RISORSE FINANZIARIE
A26: A.9 | B26: INDICATORI DI EFFICIENZA | C26: Tutte le tematiche della presente scheda hanno obiettivi di natura ambientale, nel senso che sono finalizzate a migliorare le prestazioni energetiche degli edifici, a ridurre il rischio idraulico, a potenziare il patrimonio verde e innescare uno sviluppo sostenibile dell'intero territorio.
A28: A.9 | B28: INDICATORI DI EFFICACIA
A30: A.9 | B30: INDICATORI DI ECONOMICITA' | C30: la riqualificazione energetica che verrà eseguita porterà ad un risparmio dei consumi elettrici e termici degli edifici interessati - lo sviluppo sostenibile che verrà innescato in forza della strategia climatica e degli interventi sul patrimonio arboreo avrà sicuri effetti su un generale risparmio delle risorse.
A33: A.10 | B33: CRITICITA'
A35: A.11 | B35: VERIFICHE
C36: VERIFICA FINALE:
C38: Il Responsabile di Posizione Organizzativa
C39: architetto Rosanna Moffa
